 Dungeon Crawl Stone Soup version 0.29.0-4-gdea44cf6ec (webtiles) character file.

Game seed: 13972181314743582776

510576 qw the Slayer (level 23, -25/236 (238) HPs)
             Began as a Minotaur Berserker on Sept 8, 2022.
             Was an Elder of Trog.
             Killed from afar by a yellow draconian knight (46 damage)
             ... with a shard of ice
             ... on level 1 of the Realm of Zot.
             The game lasted 00:23:34 (62317 turns).

qw the Slayer (Minotaur Berserker)                 Turns: 62317, Time: 00:23:34

HP:   -25/236 (238) AC: 58    Str: 34    XL:     23   Next: 92%
MP:   22/22         EV: 13    Int:  4    God:    Trog [****..]
Gold: 1003          SH: 29    Dex: 12    Spells: 22/22 levels left

rFire   + + .      SeeInvis +   e - +8 broad axe (spect)
rCold   + . .      Faith    .   r - +2 tower shield {AC+3}
rNeg    . . .      Spirit   .   l - +11 gold dragon scales
rPois   +          Reflect  +   A - +4 hat "Dafosecs" {+Inv Fly rC-}
rElec   .          Harm     .   y - +2 cloak
rCorr   .          Rampage  .   d - +0 pair of gloves of Serendipity {Drain Will++ Slay+5}
Will    +++++                   j - +2 pair of boots
Stlth   ..........              k - amulet of reflection
HPRegen 0.49/turn               b - ring "Ineeprir" {rF+ Dex+3}
MPRegen 0.18/turn               F - ring of Otsar {Will++ AC+4 SInv}

@: about to teleport, on berserk cooldown, flying, slowed, lightly drained, very
slow
A: horns 2, retaliatory headbutt, cold resistance 1, strong-willed 1
}: 3/15 runes: decaying, serpentine, silver
a: Renounce Religion, Evoke Invisibility, Berserk, Trog's Hand, Brothers in Arms


You were on level 1 of the Realm of Zot.
You worshipped Trog.
Trog was greatly pleased with you.
You visited 8 branches of the dungeon, and saw 41 of its levels.

You collected 7312 gold pieces.
You spent 6309 gold pieces at shops.


Innate Abilities, Weirdness & Mutations

You have a pair of horns on your head.
You reflexively headbutt those who attack you in melee.
Your flesh is cold resistant. (rC+)
You are strong-willed. (Will+)


   Skills:
 - Level 26.4 Fighting
 - Level 20.0 Axes
 - Level 14.0 Throwing
 + Level 26.1 Armour
 - Level 15.0 Dodging
 - Level 22.4 Shields


You had 22 spell levels left.
You didn't know any spells.
Your spell library was empty.

Inventory:

Hand Weapons
 e - a +8 spectral broad axe (weapon)
Missiles
 g - 3 silver javelins
 s - a boomerang (quivered)
Armour
 d - the +0 pair of gloves of Serendipity (worn) {Drain Will++ Slay+5}
   (You acquired it on level 4 of the Lair of Beasts)

   Slay:      It affects your accuracy & damage with ranged weapons and melee
   (+5).
   Drain:     It drains your maximum health when unequipped.
   Will:      It greatly increases your willpower.
 j - a +2 pair of boots (worn)
 l - +11 gold dragon scales (worn)
 o - a +2 cloak of willpower
 r - a +2 tower shield of protection (worn)
 y - a +2 cloak (worn)
 A - the +4 hat "Dafosecs" (worn) {+Inv Fly rC-}
   (You found it on level 1 of the Orcish Mines)

   rC:        It makes you vulnerable to cold.
   +Inv:      It lets you turn invisible.
   Fly:       It grants you flight.
 E - a +2 hat
Jewellery
 b - the ring "Ineeprir" (left hand) {rF+ Dex+3}
   (You took it off a vampire mage on level 2 of the Depths)

   [ring of protection from fire]

   Dex:       It affects your dexterity (+3).
   rF:        It protects you from fire.
 k - an amulet of reflection (around neck)
 x - the amulet "Zoqaok" {Regen+ Str+4 Stlth+}
   (You acquired it on level 1 of the Swamp)

   [amulet of regeneration]

   Str:       It affects your strength (+4).
   Regen:     It increases your rate of health regeneration.
   Stlth:     It makes you more stealthy.
 D - the ring of Ennogaff {Fly rF- Will+++ Str-3 Int+7 SInv}
   (You bought it in a shop on level 2 of the Vaults)

   [ring of see invisible]

   Str:       It affects your strength (-3).
   Int:       It affects your intelligence (+7).
   rF:        It makes you vulnerable to fire.
   SInv:      It lets you see invisible.
   Fly:       It grants you flight.
   Will:      It greatly increases your willpower.
 F - the ring of Otsar (right hand) {Will++ AC+4 SInv}
   (You found it on level 3 of the Vaults)

   [ring of protection]

   AC:        It affects your AC (+4).
   SInv:      It lets you see invisible.
   Will:      It greatly increases your willpower.
 I - a ring of protection from fire
 Y - a +4 ring of protection
Wands
 B - a wand of digging (10)
Scrolls
 a - 19 scrolls of identify
 m - a scroll of brand weapon
 n - 12 scrolls of teleportation
Potions
 c - 6 potions of might
 f - 2 potions of heal wounds
 h - 25 potions of curing
 i - 2 potions of resistance
 q - 11 potions of haste
 w - 5 potions of mutation
 z - 6 potions of cancellation

Dungeon Overview and Level Annotations

Branches:
Dungeon (15/15)            Temple (0/1) D:6            Lair (5/5) D:9
  Swamp (4/4) Lair:2        Snake (4/4) Lair:2        Slime (0/5) Lair:4
    Orc (2/2) D:12            Elf (0/3) Orc:2        Vaults (5/5) D:14
  Crypt (0/3) Vaults:2     Depths (4/4) D:15            Zot (2/5) Depths:4

Altars:
Ashenzari
Cheibriados
Dithmenos
Elyvilon
Hepliaklqana
Makhleb
Nemelex Xobeh
Sif Muna
Wu Jian
Lugonu

Shops:
D:3 *   D:4 *   D:7 *   Orc:2 ([[*   Snake:3 :!*:   Snake:4 (   Vaults:1 (!:?
Vaults:2 =:=   Vaults:3 [   Depths:1 [   Depths:4 *

Portals:
Hell: Depths:1 Depths:2 Depths:3 Depths:4
Abyss: Depths:1 Depths:3 Depths:4
Pandemonium: Depths:1 Depths:2
Ziggurat: Depths:2

Annotations:
D:3 1 runed translucent door, qw's ghost, amateur DsCA
D:4 2 runed translucent doors
D:8 3 runed translucent doors
Orc:1 1 runed translucent door
Vaults:4 1 transporter, Johuab's ghost, adept MiBe
Zot:2 4 transporters, Tiamat


Message History

The bolt of cold hits you but does no damage.
62316 ||| DRINKING 4 potions of heal wounds.
You feel much better.
The black draconian is no longer covered in acid. x2
You block the yellow draconian's attack.
You block the Killer Klown's attack.
The black draconian hits you with a +0 war axe.
You block the black draconian's attack.
The black draconian rages.
You block the black draconian knight's attack.
The yellow draconian hits you but does no damage.
The yellow draconian knight hits you but does no damage.
The black draconian breathes lightning at you.
The bolt of lightning hits the yellow draconian knight!
The bolt of lightning hits you!!
The Killer Klown strangle-hugs you with a +12 club of freezing!!
The black draconian hits you but does no damage.
The black draconian closely misses you.
You block the yellow draconian's attack.
The black draconian knight casts a spell at you.
The bolt of cold misses you. The black draconian barely misses you.
62317 ||| DRINKING 3 potions of heal wounds.
You feel much better.
You block the black draconian's attack. x2; The Killer Klown closely misses you.
You furiously retaliate!
You headbutt the Killer Klown!
The black draconian rages.
You block the yellow draconian's attack.
The yellow draconian knight hits you but does no damage.
The black draconian knight breathes lightning at you.
The bolt of lightning misses you.
The black draconian hits you with a +0 war axe!
You block the black draconian's attack.
The Killer Klown squeezes you but does no damage.
The black draconian closely misses you.
The yellow draconian hits you but does no damage.
The black draconian knight breathes lightning at you.
The bolt of lightning hits you!!
The yellow draconian knight gestures at you while chanting.
The shard of ice hits you!!! You partially resist.
You die...

..........## ##.######..## #
........##..#.# .........##...
.......##.#.# .....dyd#.#.#
....dddq#.#.# ....ddp@#.#.#
.....dq##.#.# .....d...##.# ..
........##..#...
##.######..##...
..........##..}.
####################.....
#..............##.....#.....##
#.....))....)..).)....#......#


You could see a Killer Klown, 2 draconians, 4 draconians, 5 draconians and a
moth of wrath.

Vanquished Creatures
  2 dread liches (Vaults:5)
  4 ancient liches
  Mennas (Vaults:5)
  2 juggernauts (Depths:3)
  the Lernaean hydra (Swamp:4)
  Saint Roka (Orc:2)
  3 caustic shrikes
  Vashnia (Snake:2)
  Nikola (Snake:4)
  5 golden dragons
  A bone dragon (Depths:4)
  A Brimstone Fiend (Vaults:3)
  Zenata (Vaults:1)
  Jorgrun (D:14)
  8 tentacled monstrosities
  5 liches
  Rupert (D:13)
  Asterion (Snake:1)
  5 titans (Vaults:5)
  A deep elf master archer (Depths:2)
  2 death cobs
  3 quicksilver dragons
  12 sphinxes
  Agnes (Snake:3)
  Gastronok (D:9)
  A thorn hunter (Swamp:3)
  Frances (Swamp:1)
  A draconian monk (Zot:2)
  10 storm dragons
  A storm dragon (shapeshifter) (Depths:3)
  4 nagarajas
  14 tengu reavers
  7 shadow dragons
  7 frost giants
  A draconian knight (Depths:4)
  9 fire giants
  A balrug (Depths:1)
  A fenstrider witch (Swamp:1)
  16 vault wardens
  2 deep elf sorcerers (Depths:2)
  Aizul (Snake:1)
  3 iron dragons
  A juggernaut zombie (Depths:2)
  12 ironbound preservers
  35 very ugly things
  A juggernaut skeleton (Depths:3)
  2 draconian stormcallers
  2 draconian annihilators
  7 spriggan defenders
  A reaper (Depths:1)
  3 war gargoyles
  5 ironbound thunderhulks
  An ophan (Depths:1)
  13 stone giants
  3 green draconians
  2 eleionomae
  A vampire knight (Depths:2)
  4 spark wasps (Depths:3)
  4 purple draconians
  4 black draconians
  A deep elf annihilator (Depths:2)
  3 bunyips
  2 red draconians
  A white draconian (Zot:1)
  6 dire elephants
  7 ettins
  5 jiangshi
  Josephine (D:14)
  2 crystal guardians (Vaults:4)
  11 fire dragons
  11 yaktaur captains
  2 salamander tyrants (Snake:4)
  3 deep elf high priests
  7 ice dragons
  14 great orbs of eyes
  5 boulder beetles
  23 hydras
  4 peacekeepers
  4 spriggan air magi
  6 ogre magi
  3 rakshasas (Depths:2)
  28 vault guards
  A catoblepas (Lair:4)
  A hell beast (Depths:1)
  13 two-headed ogres
  21 centaur warriors
  7 ironbound frosthearts
  13 anacondas
  3 deep troll earth magi
  18 naga warriors
  9 alligators
  8 tengu warriors
  14 naga sharpshooters
  5 vampire magi
  11 death yaks
  6 deep troll shamans
  6 hell hogs
  2 orc high priests
  9 shock serpents
  7 spriggan berserkers
  6 sun demons
  4 soul eaters
  17 hell knights
  A fire crab (Lair:5)
  2 salamander mystics (Snake:4)
  4 skeletal warriors (D:15)
  A goliath frog (shapeshifter) (Vaults:3)
  2 iron trolls
  6 goliath frogs
  2 spriggan druids
  4 sea snakes (Snake:4)
  8 glowing orange brains
  40 deep trolls
  4 bog bodies
  3 tengu zombies
  A glowing orange brain (shapeshifter) (D:15)
  A flayed ghost (Depths:3)
  8 naga ritualists
  2 swamp dragons (shapeshifter)
  3 orc knights
  12 swamp dragons
  9 wizards
  10 harpies
  4 lindwurms
  A golden dragon skeleton (Depths:1)
  13 ironbound convokers
  2 deep elf zephyrmancers
  A mana viper (shapeshifter) (Vaults:1)
  3 phantasmal warriors (Vaults:5)
  A wolf spider (D:13)
  2 deep elf pyromancers
  47 ugly things
  6 oklob plants (Lair:4)
  3 mana vipers (Snake:2)
  A shining eye (Depths:1)
  12 necromancers
  4 orc sorcerers
  A salamander (shapeshifter) (D:13)
  11 cyclopes
  4 will-o-the-wisps
  2 fire giant zombies
  2 stone giant zombies
  2 manticores
  3 moths of wrath
  9 elephants
  28 slime creatures
  A moth of wrath (shapeshifter) (Depths:3)
  6 guardian serpents
  A frost giant skeleton (Vaults:3)
  38 black mambas
  Maurice (D:12)
  Joseph (D:9)
  6 salamanders
  An eye of devastation (Depths:1)
  17 naga magi
  17 vault sentinels
  3 torpor snails (Lair:2)
  A titan simulacrum (Depths:3)
  7 smoke demons
  A hellion (Depths:4)
  2 human zombies
  28 yaktaurs
  2 freezing wraiths
  3 efreet
  2 rime drakes (Lair:5)
  Psyche (D:12)
  12 cane toads
  12 komodo dragons
  An unseen horror (shapeshifter) (Depths:2)
  An unseen horror (D:11)
  6 tengu conjurers
  A yaktaur (shapeshifter) (Vaults:5)
  4 meliai (D:13)
  7 tyrant leeches
  16 hornets
  A tengu simulacrum (Vaults:2)
  A troll (shapeshifter) (D:15)
  5 trolls
  4 polar bears
  2 dream sheep
  An elf zombie (Vaults:2)
  A tarantella (shapeshifter) (D:13)
  18 blink frogs
  A shadow dragon simulacrum (Depths:3)
  A dream sheep (shapeshifter) (Depths:2)
  A blink frog (shapeshifter) (D:15)
  A jumping spider (shapeshifter) (Vaults:5)
  5 wraiths
  47 yaks
  22 spriggans
  6 wyverns
  A shadow (D:10)
  5 vampires
  Grum (D:10)
  Eustachio (D:4)
  A golden eye (shapeshifter) (Vaults:5)
  3 steam dragons
  8 basilisks
  16 humans (D:13)
  3 golden eyes (Depths:1)
  2 humans (shapeshifter)
  An elf skeleton (Vaults:3)
  A yaktaur simulacrum (Vaults:3)
  7 vampire mosquitoes
  A human simulacrum (Vaults:3)
  9 swamp worms
  A warg (D:12)
  3 acid dragons
  45 nagas
  10 water moccasins
  A floating eye (Depths:1)
  34 orc warriors
  12 swamp drakes
  2 ice beasts
  A sky beast (D:6)
  4 black bears
  15 ogres
  11 wolves
  3 boggarts (Lair:3)
  9 centaurs
  3 phantoms
  Blork the orc (D:6)
  4 kobold brigands
  14 bullfrogs
  A gnoll sergeant (D:5)
  A glowing shapeshifter simulacrum (Vaults:2)
  3 scorpions
  4 necrophages
  7 wights
  8 killer bees
  5 electric eels (Snake:4)
  9 howler monkeys
  A crimson imp (Orc:1)
  2 jellies
  An iron imp (Orc:1)
  4 hounds
  10 orc priests
  2 gnoll boudas
  5 iguanas
  20 orc wizards
  2 lightning spires (Swamp:3)
  14 gnolls
  7 adders
  3 shadow imps
  4 white imps
  A worm (D:2)
  6 dart slugs
  77 orcs
  6 bats
  4 endoplasms
  3 giant cockroaches
  5 goblins
  9 hobgoblins
  9 jackals
  2 quokkas (D:2)
  5 ball pythons
  4 frilled lizards
  12 kobolds
  A rat (D:1)
  A plant (Lair:5)
1668 creatures vanquished.

Vanquished Creatures (collateral kills)
  A tentacled monstrosity (Vaults:5)
  2 fire giants (Depths:1)
  A nagaraja (Snake:4)
  An ironbound preserver (Vaults:2)
  3 ettins
  A fire dragon (Depths:2)
  3 hydras
  A vault guard (Vaults:5)
  2 ironbound frosthearts (Vaults:2)
  A skeletal warrior (D:15)
  A spriggan druid (Swamp:1)
  2 swamp dragons
  A shining eye (Depths:1)
  An ugly thing (Depths:1)
  A vault sentinel (Vaults:5)
  A smoke demon (Depths:4)
  A fire giant skeleton (Depths:1)
  2 nagas (Snake:4)
  An acid dragon (D:13)
  An orc priest (Orc:2)
  6 orcs (Orc:2)
34 creatures vanquished.

Vanquished Creatures (others)
  A nagaraja (Snake:4)
  An anaconda (Snake:4)
  A naga sharpshooter (Snake:4)
  An iron troll (Depths:1)
  A salamander mystic (Snake:4)
  A naga ritualist (Snake:4)
  2 salamanders (Snake:4)
  A guardian serpent (Snake:4)
  2 bloated husks (Swamp:2)
  2 nagas (Snake:4)
  2 ball lightnings (Swamp:3)
  2 bushes (D:14)
  5 foxfires
  26 fungi
  61 plants
109 creatures vanquished.

Grand Total: 1811 creatures vanquished

Notes
Turn   | Place    | Note
-------+----------+-------------------------------------------
     0 | D:1      | qw the Minotaur Berserker began the quest for the Orb.
     0 | D:1      | Reached XP level 1. HP: 19/19 MP: 0/0
     0 | D:1      | 0 ||| qw: Version: 0.1-a-112-g44dc6cd
     0 | D:1      | 0 ||| qw: Game counter: 6795
     0 | D:1      | 0 ||| qw: Always use a shield: true
     0 | D:1      | 0 ||| qw: Do Orc after D:15 true
     0 | D:1      | 0 ||| qw: Do second Lair branch before Depths: true
     0 | D:1      | 0 ||| qw: Lair rune preference: random
     0 | D:1      | 0 ||| qw: Plans: Normal
     0 | D:1      | 0 ||| PLANNING D:1-11
   221 | D:1      | 221 ||| INVOKING Berserk.
   223 | D:1      | Reached XP level 2. HP: 26/26 MP: 1/1
   491 | D:1      | 491 ||| Stepping ~*~*~tactically~*~*~ (stealth).
   513 | D:1      | Found a faded altar of an unknown god.
   793 | D:1      | 793 ||| Stepping ~*~*~tactically~*~*~ (stealth).
   795 | D:1      | 795 ||| Stepping ~*~*~tactically~*~*~ (stealth).
   805 | D:1      | You fall into a shaft and drop 1 floor!
   811 | D:2      | 811 ||| Stepping ~*~*~tactically~*~*~ (stealth).
   843 | D:2      | Reached XP level 3. HP: 31/31 MP: 2/2
   854 | D:2      | 854 ||| READING 3 scrolls labelled TIGRYACS KEYRA.
   855 | D:2      | 855 ||| READING 2 scrolls labelled YFEM DIVVUIV.
   865 | D:2      | 865 ||| INVOKING Berserk.
  1018 | D:2      | 1018 ||| READING scroll labelled SINLOIMAENN.
  1019 | D:2      | 1019 ||| READING scroll labelled EROMUNNYAFU.
  1020 | D:2      | 1020 ||| READING 2 scrolls of identify.
  1020 | D:2      | 1020 ||| IDENTIFYING fuming cyan potion
  1410 | D:1      | 1410 ||| READING scroll labelled FUODYNN FUAL.
  1498 | D:2      | 1498 ||| INVOKING Berserk.
  1746 | D:2      | 1746 ||| Stepping ~*~*~tactically~*~*~ (stealth).
  2002 | D:2      | 2002 ||| SWAPPING to +2 antimagic broad axe.
  2003 | D:2      | 2003 ||| DROPPING +0 hand axe.
  2009 | D:2      | Reached ** piety under Trog
  2194 | D:2      | 2194 ||| Stepping ~*~*~tactically~*~*~ (hiding).
  2340 | D:2      | 2340 ||| UPGRADING to +0 ring mail.
  2350 | D:2      | 2350 ||| DROPPING +0 animal skin.
  2351 | D:2      | 2351 ||| DROPPING +1 robe of willpower.
  2352 | D:2      | 2352 ||| READING scroll labelled BAIMUPT QU FAZ.
  2453 | D:2      | 2453 ||| DRINKING 2 lumpy black potions.
  2500 | D:2      | 2500 ||| READING 2 scrolls of identify.
  2500 | D:2      | 2500 ||| IDENTIFYING emerald potion
  2501 | D:2      | 2501 ||| DROPPING potion of lignification.
  2502 | D:2      | 2502 ||| DROPPING potion of attraction.
  2523 | D:3      | 2523 ||| INVOKING Berserk.
  2524 | D:3      | 2524 ||| STAIRDANCE
  2630 | D:3      | 2630 ||| STAIRDANCE
  2632 | D:2      | 2632 ||| INVOKING Berserk.
  2635 | D:2      | Reached skill level 6 in Axes
  2635 | D:2      | Reached XP level 4. HP: 33/39 MP: 1/3
  2755 | D:3      | 2755 ||| STAIRDANCE
  2757 | D:2      | 2757 ||| INVOKING Berserk.
  2881 | D:3      | 2881 ||| INVOKING Berserk.
  2958 | D:3      | Found a runed translucent door.
  2958 | D:3      | Noticed qw's ghost (amateur DsCA)
  3089 | D:3      | 3089 ||| Stepping ~*~*~tactically~*~*~ (stealth).
  3092 | D:3      | Reached XP level 5. HP: 44/45 MP: 1/4
  3103 | D:3      | Found a broken altar of Ashenzari.
  3139 | D:3      | Found Teis's General Store.
  3147 | D:3      | 3147 ||| SHOPLISTING +1 pair of gloves of hurling (214
                  | gold, have 123).
  3147 | D:3      | 3147 ||| BUYING potion of heal wounds (65 gold).
  3147 | D:3      | Bought a potion of heal wounds for 65 gold pieces
  3147 | D:3      | 3147 ||| BUYING scroll of teleportation (39 gold).
  3147 | D:3      | Bought a scroll of teleportation for 39 gold pieces
  3157 | D:3      | Found a burning altar of Makhleb.
  3286 | D:3      | Found a hazy altar of Hepliaklqana.
  3381 | D:3      | 3381 ||| DROPPING orb of energy.
  3382 | D:3      | 3382 ||| UPGRADING to ring of poison resistance.
  3383 | D:3      | 3383 ||| READING 2 scrolls of identify.
  3383 | D:3      | 3383 ||| IDENTIFYING murky amethyst potion
  3433 | D:4      | 3433 ||| Stepping ~*~*~tactically~*~*~ (stealth).
  3434 | D:4      | 3434 ||| Stepping ~*~*~tactically~*~*~ (stealth).
  3464 | D:4      | 3464 ||| Stepping ~*~*~tactically~*~*~ (stealth).
  3482 | D:4      | 3482 ||| Stepping ~*~*~tactically~*~*~ (hiding).
  3666 | D:4      | Found a large runed translucent door.
  3666 | D:4      | Found a large runed translucent door.
  3667 | D:4      | Found Kysycelu's General Store.
  3668 | D:4      | 3668 ||| Stepping ~*~*~tactically~*~*~ (stealth).
  3684 | D:4      | 3684 ||| SHOPLISTING 2 potions of curing (72 gold, have
                  | 40).
  3684 | D:4      | 3684 ||| BUYING potion of curing (36 gold).
  3684 | D:4      | Bought a potion of curing for 36 gold pieces
  3684 | D:4      | 3684 ||| SHOPLISTING ring of fire (300 gold, have 4).
  3688 | D:4      | 3688 ||| Stepping ~*~*~tactically~*~*~ (stealth).
  3698 | D:4      | Noticed a black bear
  3702 | D:4      | 3702 ||| INVOKING Berserk.
  3704 | D:4      | Killed a black bear
  3822 | D:4      | Noticed Eustachio
  3828 | D:4      | 3828 ||| INVOKING Berserk.
  3838 | D:4      | Killed Eustachio
  3839 | D:4      | Reached XP level 6. HP: 56/56 MP: 1/5
  4121 | D:4      | 4121 ||| UPGRADING to +0 scale mail.
  4131 | D:4      | 4131 ||| DROPPING +0 ring mail.
  4132 | D:4      | 4132 ||| READING scroll labelled HIFA FOTHATHRE.
  4133 | D:4      | 4133 ||| DROPPING +0 flail.
  4177 | D:4      | 4177 ||| READING 2 scrolls labelled BYSEBRA BOYCZI.
  4178 | D:4      | 4178 ||| DRINKING 2 yellow potions.
  4179 | D:4      | 4179 ||| READING 3 scrolls of identify.
  4179 | D:4      | 4179 ||| IDENTIFYING puce potion
  4180 | D:4      | 4180 ||| READING 2 scrolls of identify.
  4180 | D:4      | 4180 ||| IDENTIFYING sedimented inky potion
  4181 | D:4      | 4181 ||| DROPPING scroll of poison.
  4182 | D:4      | 4182 ||| DROPPING potion of berserk rage.
  4183 | D:4      | 4183 ||| DROPPING potion of ambrosia.
  4184 | D:4      | 4184 ||| DROPPING potion of degeneration.
  4199 | D:5      | Entered Level 5 of the Dungeon
  4218 | D:5      | 4218 ||| INVOKING Berserk.
  4221 | D:5      | Reached XP level 7. HP: 61/61 MP: 6/6
  4224 | D:5      | Reached skill level 9 in Axes
  4442 | D:5      | 4442 ||| Stepping ~*~*~tactically~*~*~ (hiding).
  4454 | D:5      | 4454 ||| INVOKING Berserk.
  4460 | D:5      | Reached skill level 1 in Throwing
  4466 | D:5      | 4466 ||| Stepping ~*~*~tactically~*~*~ (stealth).
  4539 | D:5      | 4539 ||| INVOKING Berserk.
  4661 | D:5      | Reached skill level 6 in Fighting
  4799 | D:5      | Reached XP level 8. HP: 70/70 MP: 7/7
  4809 | D:5      | 4809 ||| Stepping ~*~*~tactically~*~*~ (stealth).
  4811 | D:5      | 4811 ||| Stepping ~*~*~tactically~*~*~ (stealth).
  4812 | D:5      | 4812 ||| Stepping ~*~*~tactically~*~*~ (stealth).
  4817 | D:5      | 4817 ||| INVOKING Berserk.
  4937 | D:5      | 4937 ||| Stepping ~*~*~tactically~*~*~ (hiding).
  4941 | D:5      | 4941 ||| Stepping ~*~*~tactically~*~*~ (hiding).
  5221 | D:5      | 5221 ||| Stepping ~*~*~tactically~*~*~ (hiding).
  5228 | D:5      | 5228 ||| FLEEEEING.
  5238 | D:5      | 5238 ||| STAIRDANCE
  5314 | D:4      | 5314 ||| UPGRADING to +0 chain mail.
  5324 | D:4      | 5324 ||| DROPPING orb of guile.
  5325 | D:4      | 5325 ||| DROPPING +0 scale mail.
  5326 | D:4      | 5326 ||| UPGRADING to amulet of reflection.
  5331 | D:4      | 5331 ||| READING scroll labelled ILU PASSEAHO.
  5332 | D:4      | 5332 ||| READING 2 scrolls of identify.
  5332 | D:4      | 5332 ||| IDENTIFYING brown potion
  5381 | D:5      | Reached skill level 3 in Armour
  5387 | D:5      | 5387 ||| Stepping ~*~*~tactically~*~*~ (hiding).
  5839 | D:5      | 5839 ||| UPGRADING to +1 hat.
  5844 | D:5      | 5844 ||| UPGRADING to +0 pair of gloves.
  5849 | D:5      | 5849 ||| UPGRADING to ring of see invisible.
  5850 | D:5      | 5850 ||| READING scroll labelled WOSUMO VEEMIED.
  6017 | D:6      | 6017 ||| READING scroll labelled VECAZOTAQE.
  6018 | D:6      | 6018 ||| READING 2 scrolls of teleportation.
  6021 | D:6      | 6021 ||| READING scroll of teleportation.
  6089 | D:6      | 6089 ||| Stepping ~*~*~tactically~*~*~ (hiding).
  6095 | D:6      | 6095 ||| INVOKING Berserk.
  6216 | D:6      | 6216 ||| READING scroll of enchant armour.
  6216 | D:6      | 6216 ||| ENCHANTING +0 pair of gloves.
  6220 | D:6      | 6220 ||| FLEEEEING.
  6221 | D:6      | 6221 ||| FLEEEEING.
  6261 | D:6      | 6261 ||| Stepping ~*~*~tactically~*~*~ (stealth).
  6262 | D:6      | 6262 ||| Stepping ~*~*~tactically~*~*~ (stealth).
  6387 | D:6      | 6387 ||| INVOKING Berserk.
  6390 | D:6      | Reached skill level 12 in Axes
  6525 | D:6      | 6525 ||| INVOKING Berserk.
  6526 | D:6      | Reached *** piety under Trog
  6537 | D:6      | 6537 ||| FLEEEEING.
  6538 | D:6      | 6538 ||| FLEEEEING.
  6709 | D:6      | Reached XP level 9. HP: 57/77 MP: 8/8
  6964 | D:6      | 6964 ||| INVOKING Berserk.
  6975 | D:6      | 6975 ||| Stepping ~*~*~tactically~*~*~ (hiding).
  7026 | D:6      | Found a staircase to the Ecumenical Temple.
  7031 | D:6      | Noticed Blork the orc
  7037 | D:6      | 7037 ||| INVOKING Berserk.
  7042 | D:6      | Killed Blork the orc
  7312 | D:6      | 7312 ||| READING 3 scrolls labelled RUFOAH YGGEEMMOLO.
  7312 | D:6      | Identified 3 scrolls of acquirement
  7312 | D:6      | 7312 ||| ACQUIRING +2 pair of gloves "Doqiyfridaa" {rC+}
  7312 | D:6      | Acquired the +2 pair of gloves "Doqiyfridaa" {rC+}
  7314 | D:6      | 7314 ||| UPGRADING to +2 pair of gloves "Doqiyfridaa"
                  | {rC+}.
  7324 | D:6      | 7324 ||| DROPPING +1 pair of gloves.
  7325 | D:6      | 7325 ||| READING 2 scrolls of acquirement.
  7325 | D:6      | 7325 ||| ACQUIRING +0 buckler "Vifomyme" {rF+ rC+ Int+4
                  | Dex-5}
  7325 | D:6      | Acquired the +0 buckler "Vifomyme" {rF+ rC+ Int+4 Dex-5}
  7327 | D:6      | 7327 ||| UPGRADING to +0 buckler "Vifomyme" {rF+ rC+ Int+4
                  | Dex-5}.
  7332 | D:6      | 7332 ||| READING scroll of acquirement.
  7332 | D:6      | 7332 ||| ACQUIRING +3 chain mail of the Harvest {rPois rF++
                  | Regen+ Int-5}
  7332 | D:6      | Acquired the +3 chain mail of the Harvest {rPois rF++
                  | Regen+ Int-5}
  7334 | D:6      | 7334 ||| UPGRADING to +3 chain mail of the Harvest {rPois
                  | rF++ Regen+ Int-5}.
  7344 | D:6      | 7344 ||| REMOVING ring of poison resistance.
  7345 | D:6      | 7345 ||| DROPPING +0 chain mail.
  7447 | D:7      | Reached skill level 1 in Shields
  7462 | D:7      | 7462 ||| Stepping ~*~*~tactically~*~*~ (hiding).
  7581 | D:7      | 7581 ||| INVOKING Berserk.
  7699 | D:7      | 7699 ||| INVOKING Berserk.
  7703 | D:7      | Reached skill level 3 in Shields
  8010 | D:7      | 8010 ||| INVOKING Berserk.
  8184 | D:7      | Found Gogat's Overcharged Wands.
  8620 | D:7      | 8620 ||| UPGRADING to +0 pair of boots.
  8625 | D:7      | 8625 ||| UPGRADING to +6 ring of strength.
  8626 | D:7      | 8626 ||| READING scroll labelled NAOKHL CANALO.
  8739 | D:8      | Found a runed translucent gate.
  8739 | D:8      | Found a runed translucent gate.
  8739 | D:8      | Noticed a cyan ugly thing
  8740 | D:8      | Found a runed translucent gate.
  8740 | D:8      | Noticed a purple ugly thing
  8740 | D:8      | Noticed a brown ugly thing
  8770 | D:8      | 8770 ||| Stepping ~*~*~tactically~*~*~ (stealth).
  8794 | D:8      | 8794 ||| Stepping ~*~*~tactically~*~*~ (stealth).
  8809 | D:8      | 8809 ||| Stepping ~*~*~tactically~*~*~ (stealth).
  8832 | D:8      | 8832 ||| Stepping ~*~*~tactically~*~*~ (stealth).
  8857 | D:8      | 8857 ||| Stepping ~*~*~tactically~*~*~ (stealth).
  8902 | D:8      | 8902 ||| Stepping ~*~*~tactically~*~*~ (stealth).
  8904 | D:8      | 8904 ||| Stepping ~*~*~tactically~*~*~ (stealth).
  8947 | D:8      | 8947 ||| INVOKING Berserk.
  9077 | D:8      | 9077 ||| Stepping ~*~*~tactically~*~*~ (stealth).
  9128 | D:8      | Reached XP level 10. HP: 88/88 MP: 9/9
  9132 | D:8      | 9132 ||| Stepping ~*~*~tactically~*~*~ (stealth).
  9140 | D:8      | Reached **** piety under Trog
  9163 | D:8      | Found a flagged portal.
  9544 | D:8      | 9544 ||| UPGRADING to +6 ring of dexterity.
  9546 | D:8      | 9546 ||| READING scroll labelled JEULIR CILU.
  9547 | D:8      | 9547 ||| READING 2 scrolls of identify.
  9547 | D:8      | 9547 ||| IDENTIFYING fuming coppery potion
  9558 | D:9      | Noticed a centaur warrior
  9565 | D:9      | Reached skill level 3 in Dodging
  9567 | D:9      | Reached skill level 15 in Axes
  9568 | D:9      | Killed a centaur warrior
  9569 | D:9      | Reached skill level 9 in Fighting
  9665 | D:9      | 9665 ||| Stepping ~*~*~tactically~*~*~ (hiding).
  9666 | D:9      | 9666 ||| Stepping ~*~*~tactically~*~*~ (hiding).
  9668 | D:9      | 9668 ||| Stepping ~*~*~tactically~*~*~ (hiding).
  9669 | D:9      | 9669 ||| Stepping ~*~*~tactically~*~*~ (hiding).
  9820 | D:9      | Found an ornate altar of the Wu Jian Council.
  9879 | D:9      | Noticed Joseph
  9882 | D:9      | Noticed Gastronok
  9887 | D:9      | Killed Joseph
  9888 | D:9      | 9888 ||| INVOKING Berserk.
  9903 | D:9      | Killed Gastronok
  9904 | D:9      | Reached XP level 11. HP: 58/99 MP: 10/10
 10236 | D:9      | 10236 ||| Stepping ~*~*~tactically~*~*~ (stealth).
 10239 | D:9      | 10239 ||| Stepping ~*~*~tactically~*~*~ (stealth).
 10243 | D:9      | 10243 ||| Stepping ~*~*~tactically~*~*~ (stealth).
 10245 | D:9      | 10245 ||| Stepping ~*~*~tactically~*~*~ (stealth).
 10251 | D:9      | 10251 ||| Stepping ~*~*~tactically~*~*~ (stealth).
 10252 | D:9      | 10252 ||| Stepping ~*~*~tactically~*~*~ (stealth).
 10257 | D:9      | 10257 ||| Stepping ~*~*~tactically~*~*~ (stealth).
 10258 | D:9      | 10258 ||| Stepping ~*~*~tactically~*~*~ (stealth).
 10261 | D:9      | Reached skill level 6 in Shields
 10303 | D:9      | 10303 ||| Stepping ~*~*~tactically~*~*~ (stealth).
 10408 | D:9      | 10408 ||| INVOKING Berserk.
 10535 | D:9      | 10535 ||| INVOKING Berserk.
 10798 | D:9      | Found a staircase to the Lair.
 10800 | D:9      | 10800 ||| INVOKING Berserk.
 11125 | D:9      | 11125 ||| PLANNING LAIR
 11125 | D:9      | 11125 ||| UPGRADING to +2 hat.
 11135 | D:9      | 11135 ||| DROPPING +1 hat.
 11136 | D:9      | 11136 ||| UPGRADING to +0 cloak.
 11141 | D:9      | 11141 ||| READING scroll labelled JUCIGH GEPNALO.
 11142 | D:9      | 11142 ||| READING scroll labelled ZISEOCW DOGE.
 11143 | D:9      | 11143 ||| READING 2 scrolls of identify.
 11143 | D:9      | 11143 ||| IDENTIFYING fizzy brown potion
 11144 | D:9      | 11144 ||| DROPPING potion of brilliance.
 11169 | Lair:1   | Entered Level 1 of the Lair of Beasts
 11170 | Lair:1   | 11170 ||| INVOKING Berserk.
 11410 | Lair:1   | 11410 ||| DRINKING 2 potions of cancellation.
 11411 | Lair:1   | 11411 ||| DRINKING potion of cancellation.
 11470 | Lair:1   | 11470 ||| Stepping ~*~*~tactically~*~*~ (stealth).
 11475 | Lair:1   | 11475 ||| INVOKING Berserk.
 11597 | Lair:1   | Noticed a six-headed hydra
 11601 | Lair:1   | 11601 ||| INVOKING Berserk.
 11604 | Lair:1   | Killed a three-headed hydra
 11794 | Lair:1   | Noticed a seven-headed hydra
 11801 | Lair:1   | 11801 ||| INVOKING Berserk.
 11803 | Lair:1   | Killed a five-headed hydra
 11944 | Lair:1   | 11944 ||| INVOKING Berserk.
 12085 | Lair:1   | 12085 ||| Stepping ~*~*~tactically~*~*~ (hiding).
 12236 | Lair:1   | 12236 ||| INVOKING Berserk.
 12242 | Lair:1   | Reached skill level 18 in Axes
 12379 | Lair:1   | 12379 ||| INVOKING Berserk.
 12552 | Lair:1   | Identified the +6 chain mail of Purpose {Rampage rElec}
 12740 | Lair:1   | 12740 ||| READING scroll of enchant armour.
 12740 | Lair:1   | 12740 ||| ENCHANTING +0 pair of boots.
 12766 | Lair:1   | 12766 ||| DROPPING ring of positive energy.
 12767 | Lair:1   | 12767 ||| READING scroll labelled SOOSOSEVOWK.
 12768 | Lair:1   | 12768 ||| DRINKING 2 amethyst potions.
 12769 | Lair:1   | 12769 ||| DROPPING potion of flight.
 12834 | Lair:2   | Noticed a bog body
 12834 | Lair:2   | Noticed a bog body
 12835 | Lair:2   | 12835 ||| Stepping ~*~*~tactically~*~*~ (hiding).
 12839 | Lair:2   | Noticed a death yak
 12841 | Lair:2   | Noticed a death yak
 12842 | Lair:2   | Killed a bog body
 12843 | Lair:2   | Reached XP level 12. HP: 97/106 MP: 11/11
 12845 | Lair:2   | 12845 ||| INVOKING Berserk.
 12850 | Lair:2   | Killed a death yak
 12853 | Lair:2   | Killed a death yak
 12856 | Lair:2   | Found a staircase to the Swamp.
 12858 | Lair:2   | 12858 ||| FLEEEEING.
 12859 | Lair:2   | 12859 ||| FLEEEEING.
 12860 | Lair:2   | 12860 ||| FLEEEEING.
 12861 | Lair:2   | 12861 ||| FLEEEEING.
 12864 | Lair:2   | 12864 ||| FLEEEEING.
 12865 | Lair:2   | 12865 ||| FLEEEEING.
 12866 | Lair:2   | 12866 ||| FLEEEEING.
 12908 | Lair:2   | 12908 ||| INVOKING Berserk.
 12932 | Lair:2   | Reached skill level 9 in Armour
 12977 | Lair:2   | 12977 ||| INVOKING Berserk.
 13101 | Lair:2   | 13101 ||| INVOKING Berserk.
 13280 | Lair:2   | 13280 ||| Stepping ~*~*~tactically~*~*~ (stealth).
 13290 | Lair:2   | 13290 ||| Stepping ~*~*~tactically~*~*~ (stealth).
 13294 | Lair:2   | 13294 ||| Stepping ~*~*~tactically~*~*~ (stealth).
 13295 | Lair:2   | 13295 ||| Stepping ~*~*~tactically~*~*~ (stealth).
 13386 | Lair:2   | Found a staircase to the Snake Pit.
 13423 | Lair:2   | Reached skill level 12 in Fighting
 13494 | Lair:2   | 13494 ||| INVOKING Berserk.
 13642 | Lair:2   | 13642 ||| READING scroll of enchant armour.
 13642 | Lair:2   | 13642 ||| ENCHANTING +1 pair of boots.
 13701 | Lair:2   | Found a snail-covered altar of Cheibriados.
 13702 | Lair:2   | 13702 ||| FLEEEEING.
 13703 | Lair:2   | 13703 ||| FLEEEEING.
 13704 | Lair:2   | 13704 ||| FLEEEEING.
 13705 | Lair:2   | 13705 ||| FLEEEEING.
 13706 | Lair:2   | 13706 ||| FLEEEEING.
 13707 | Lair:2   | 13707 ||| FLEEEEING.
 13709 | Lair:2   | 13709 ||| FLEEEEING.
 13711 | Lair:2   | 13711 ||| FLEEEEING.
 13712 | Lair:2   | 13712 ||| FLEEEEING.
 13713 | Lair:2   | 13713 ||| FLEEEEING.
 13714 | Lair:2   | 13714 ||| FLEEEEING.
 13715 | Lair:2   | 13715 ||| FLEEEEING.
 13716 | Lair:2   | 13716 ||| FLEEEEING.
 13717 | Lair:2   | 13717 ||| FLEEEEING.
 13718 | Lair:2   | 13718 ||| FLEEEEING.
 13719 | Lair:2   | 13719 ||| FLEEEEING.
 13720 | Lair:2   | 13720 ||| FLEEEEING.
 13721 | Lair:2   | 13721 ||| FLEEEEING.
 13722 | Lair:2   | 13722 ||| FLEEEEING.
 13723 | Lair:2   | 13723 ||| FLEEEEING.
 13724 | Lair:2   | 13724 ||| FLEEEEING.
 13725 | Lair:2   | 13725 ||| FLEEEEING.
 13726 | Lair:2   | 13726 ||| FLEEEEING.
 13727 | Lair:2   | 13727 ||| FLEEEEING.
 13728 | Lair:2   | 13728 ||| FLEEEEING.
 13730 | Lair:2   | 13730 ||| INVOKING Berserk.
 13734 | Lair:2   | Reached skill level 3 in Throwing
 13738 | Lair:2   | 13738 ||| STAIRDANCE
 13980 | Lair:2   | 13980 ||| INVOKING Berserk.
 14309 | Lair:3   | 14309 ||| STAIRDANCE
 14311 | Lair:2   | 14311 ||| INVOKING Berserk.
 14430 | Lair:3   | 14430 ||| INVOKING Berserk.
 14438 | Lair:3   | 14438 ||| STAIRDANCE
 14553 | Lair:3   | 14553 ||| INVOKING Berserk.
 14559 | Lair:3   | 14559 ||| FLEEEEING.
 14560 | Lair:3   | 14560 ||| FLEEEEING.
 14561 | Lair:3   | 14561 ||| FLEEEEING.
 14562 | Lair:3   | 14562 ||| STAIRDANCE
 14666 | Lair:3   | 14666 ||| STAIRDANCE
 14668 | Lair:2   | 14668 ||| INVOKING Berserk.
 14791 | Lair:3   | 14791 ||| READING scroll of enchant weapon.
 14791 | Lair:3   | 14791 ||| ENCHANTING +3 broad axe of flaming.
 14814 | Lair:3   | 14814 ||| INVOKING Berserk.
 14916 | Lair:3   | 14916 ||| Stepping ~*~*~tactically~*~*~ (stealth).
 14994 | Lair:3   | 14994 ||| INVOKING Berserk.
 15136 | Lair:3   | 15136 ||| Stepping ~*~*~tactically~*~*~ (hiding).
 15137 | Lair:3   | 15137 ||| Stepping ~*~*~tactically~*~*~ (hiding).
 15262 | Lair:3   | 15262 ||| FLEEEEING.
 15265 | Lair:3   | 15265 ||| DRINKING potion of cancellation.
 15379 | Lair:3   | 15379 ||| INVOKING Berserk.
 15500 | Lair:3   | Noticed a four-headed hydra
 15501 | Lair:3   | 15501 ||| Stepping ~*~*~tactically~*~*~ (hiding).
 15505 | Lair:3   | 15505 ||| INVOKING Berserk.
 15524 | Lair:3   | Reached XP level 13. HP: 119/119 MP: 12/12
 15671 | Lair:3   | 15671 ||| INVOKING Berserk.
 15679 | Lair:3   | Reached skill level 6 in Throwing
 15948 | Lair:3   | 15948 ||| Stepping ~*~*~tactically~*~*~ (stealth).
 15949 | Lair:3   | 15949 ||| INVOKING Berserk.
 16160 | Lair:3   | 16160 ||| READING scroll of enchant armour.
 16160 | Lair:3   | 16160 ||| ENCHANTING +0 cloak.
 16174 | Lair:3   | You fall into a shaft and drop 1 floor!
 16175 | Lair:4   | 16175 ||| READING 2 scrolls of identify.
 16175 | Lair:4   | 16175 ||| IDENTIFYING lumpy dark potion
 16176 | Lair:4   | 16176 ||| DROPPING potion of invisibility.
 16443 | Lair:3   | 16443 ||| DROPPING amulet of magic regeneration.
 16486 | Lair:4   | 16486 ||| Stepping ~*~*~tactically~*~*~ (stealth).
 16487 | Lair:4   | 16487 ||| Stepping ~*~*~tactically~*~*~ (stealth).
 16488 | Lair:4   | 16488 ||| Stepping ~*~*~tactically~*~*~ (stealth).
 16501 | Lair:4   | Reached skill level 9 in Shields
 16513 | Lair:4   | 16513 ||| READING scroll of acquirement.
 16513 | Lair:4   | 16513 ||| ACQUIRING +0 pair of gloves of Serendipity {Drain
                  | Will++ Slay+5}
 16513 | Lair:4   | Acquired the +0 pair of gloves of Serendipity {Drain Will++
                  | Slay+5}
 16515 | Lair:4   | 16515 ||| UPGRADING to +0 pair of gloves of Serendipity
                  | {Drain Will++ Slay+5}.
 16525 | Lair:4   | 16525 ||| DROPPING +2 pair of gloves "Doqiyfridaa" {rC+}.
 16544 | Lair:4   | 16544 ||| DROPPING +2 pair of gloves.
 16550 | Lair:4   | 16550 ||| Stepping ~*~*~tactically~*~*~ (stealth).
 16552 | Lair:4   | 16552 ||| Stepping ~*~*~tactically~*~*~ (stealth).
 16587 | Lair:4   | Found a shimmering blue altar of Sif Muna.
 16601 | Lair:4   | Found a staircase to the Slime Pits.
 16604 | Lair:4   | 16604 ||| INVOKING Berserk.
 16619 | Lair:4   | 16619 ||| READING 8 scrolls of teleportation.
 16620 | Lair:4   | HP: 21/123 [oklob plant/splash of acid (23)]
 16621 | Lair:4   | 16621 ||| DRINKING 6 potions of heal wounds.
 16624 | Lair:4   | 16624 ||| READING 7 scrolls of teleportation.
 16625 | Lair:4   | 16625 ||| DRINKING 5 potions of heal wounds.
 16674 | Lair:4   | 16674 ||| INVOKING Berserk.
 16807 | Lair:4   | 16807 ||| INVOKING Berserk.
 16964 | Lair:4   | 16964 ||| Stepping ~*~*~tactically~*~*~ (stealth).
 16998 | Lair:4   | Identified the amulet of Qazlal's Benevolence {Faith Harm
                  | SInv}
 17019 | Lair:4   | 17019 ||| READING scroll of enchant armour.
 17019 | Lair:4   | 17019 ||| ENCHANTING +1 cloak.
 17128 | Lair:4   | 17128 ||| INVOKING Berserk.
 17136 | Lair:4   | Reached skill level 6 in Dodging
 17283 | Lair:4   | 17283 ||| Stepping ~*~*~tactically~*~*~ (stealth).
 17284 | Lair:4   | 17284 ||| Stepping ~*~*~tactically~*~*~ (stealth).
 17285 | Lair:4   | 17285 ||| Stepping ~*~*~tactically~*~*~ (stealth).
 17286 | Lair:4   | 17286 ||| Stepping ~*~*~tactically~*~*~ (stealth).
 17287 | Lair:4   | 17287 ||| Stepping ~*~*~tactically~*~*~ (stealth).
 17288 | Lair:4   | 17288 ||| Stepping ~*~*~tactically~*~*~ (stealth).
 17291 | Lair:4   | 17291 ||| INVOKING Berserk.
 17454 | Lair:4   | 17454 ||| DROPPING amulet of Qazlal's Benevolence {Faith
                  | Harm SInv}.
 17455 | Lair:4   | 17455 ||| READING 7 scrolls of teleportation.
 17456 | Lair:4   | 17456 ||| FLEEEEING.
 17457 | Lair:4   | 17457 ||| FLEEEEING.
 17486 | Lair:4   | 17486 ||| Stepping ~*~*~tactically~*~*~ (hiding).
 17488 | Lair:4   | 17488 ||| INVOKING Berserk.
 17617 | Lair:4   | 17617 ||| Stepping ~*~*~tactically~*~*~ (stealth).
 17666 | Lair:4   | 17666 ||| READING 7 scrolls of teleportation.
 17666 | Lair:4   | HP: 21/124 [oklob plant/splash of acid (16)]
 17667 | Lair:4   | 17667 ||| DRINKING 4 potions of heal wounds.
 17668 | Lair:4   | 17668 ||| INVOKING Berserk.
 17762 | Lair:4   | 17762 ||| FLEEEEING.
 17883 | Lair:4   | 17883 ||| FLEEEEING.
 17884 | Lair:4   | 17884 ||| FLEEEEING.
 17885 | Lair:4   | 17885 ||| FLEEEEING.
 17910 | Lair:4   | 17910 ||| FLEEEEING.
 17942 | Lair:4   | 17942 ||| FLEEEEING.
 17943 | Lair:4   | 17943 ||| FLEEEEING.
 17966 | Lair:4   | 17966 ||| FLEEEEING.
 17967 | Lair:4   | 17967 ||| FLEEEEING.
 17968 | Lair:4   | 17968 ||| FLEEEEING.
 18018 | Lair:4   | 18018 ||| FLEEEEING.
 18056 | Lair:4   | 18056 ||| FLEEEEING.
 18057 | Lair:4   | 18057 ||| FLEEEEING.
 18087 | Lair:4   | 18087 ||| FLEEEEING.
 18088 | Lair:4   | 18088 ||| FLEEEEING.
 18115 | Lair:4   | 18115 ||| FLEEEEING.
 18116 | Lair:4   | 18116 ||| FLEEEEING.
 18117 | Lair:4   | 18117 ||| FLEEEEING.
 18149 | Lair:4   | 18149 ||| FLEEEEING.
 18150 | Lair:4   | 18150 ||| FLEEEEING.
 18276 | Lair:4   | 18276 ||| FLEEEEING.
 18289 | Lair:4   | 18289 ||| FLEEEEING.
 18324 | Lair:4   | 18324 ||| FLEEEEING.
 18444 | Lair:4   | 18444 ||| FLEEEEING.
 18564 | Lair:4   | 18564 ||| FLEEEEING.
 18685 | Lair:4   | 18685 ||| FLEEEEING.
 18805 | Lair:4   | 18805 ||| FLEEEEING.
 18948 | Lair:4   | 18948 ||| FLEEEEING.
 18949 | Lair:4   | 18949 ||| FLEEEEING.
 19074 | Lair:4   | 19074 ||| INVOKING Berserk.
 19081 | Lair:4   | Reached skill level 12 in Armour
 19155 | Lair:4   | 19155 ||| Stepping ~*~*~tactically~*~*~ (stealth).
 19403 | Lair:5   | Entered Level 5 of the Lair of Beasts
 19405 | Lair:5   | 19405 ||| STAIRDANCE
 19415 | Lair:5   | 19415 ||| STAIRDANCE
 19448 | Lair:5   | Reached skill level 15 in Fighting
 19450 | Lair:5   | 19450 ||| INVOKING Berserk.
 19471 | Lair:5   | Reached XP level 14. HP: 127/135 MP: 13/13
 19516 | Lair:5   | 19516 ||| INVOKING Berserk.
 19705 | Lair:5   | 19705 ||| INVOKING Berserk.
 19858 | Lair:5   | Reached ***** piety under Trog
 19865 | Lair:5   | 19865 ||| FLEEEEING.
 19875 | Lair:5   | 19875 ||| Stepping ~*~*~tactically~*~*~ (stealth).
 19876 | Lair:5   | 19876 ||| Stepping ~*~*~tactically~*~*~ (stealth).
 20079 | Lair:5   | 20079 ||| Stepping ~*~*~tactically~*~*~ (hiding).
 20100 | Lair:5   | 20100 ||| Stepping ~*~*~tactically~*~*~ (stealth).
 20102 | Lair:5   | 20102 ||| Stepping ~*~*~tactically~*~*~ (hiding).
 20216 | Lair:5   | 20216 ||| Stepping ~*~*~tactically~*~*~ (water).
 20239 | Lair:5   | 20239 ||| Stepping ~*~*~tactically~*~*~ (hiding).
 20240 | Lair:5   | 20240 ||| INVOKING Brothers in Arms.
 20245 | Lair:5   | 20245 ||| INVOKING Berserk.
 20373 | Lair:5   | 20373 ||| Stepping ~*~*~tactically~*~*~ (water).
 20380 | Lair:5   | 20380 ||| READING scroll of brand weapon.
 20380 | Lair:5   | 20380 ||| BRANDING +4 broad axe of flaming.
 20387 | Lair:5   | 20387 ||| READING scroll of enchant weapon.
 20387 | Lair:5   | 20387 ||| ENCHANTING +4 spectral broad axe.
 20505 | Lair:5   | 20505 ||| PLANNING D:1-11
 20505 | Lair:5   | 20505 ||| DROPPING +0 mace.
 20506 | Lair:5   | 20506 ||| READING 3 scrolls of identify.
 20506 | Lair:5   | 20506 ||| IDENTIFYING fuming white potion
 20507 | Lair:5   | 20507 ||| READING 2 scrolls of identify.
 20507 | Lair:5   | 20507 ||| IDENTIFYING viscous pink potion
 20631 | D:10     | Entered Level 10 of the Dungeon
 20636 | D:10     | 20636 ||| Stepping ~*~*~tactically~*~*~ (hiding).
 20768 | D:10     | 20768 ||| Stepping ~*~*~tactically~*~*~ (stealth).
 20847 | D:10     | 20847 ||| Stepping ~*~*~tactically~*~*~ (hiding).
 20848 | D:10     | 20848 ||| Stepping ~*~*~tactically~*~*~ (hiding).
 21052 | D:10     | Noticed Grum
 21057 | D:10     | 21057 ||| INVOKING Berserk.
 21062 | D:10     | Killed Grum
 21200 | D:10     | Found a white marble altar of Elyvilon.
 21445 | D:11     | 21445 ||| Stepping ~*~*~tactically~*~*~ (hiding).
 21769 | D:11     | 21769 ||| PLANNING D
 21873 | D:12     | Noticed Psyche
 21879 | D:12     | Killed Psyche
 21884 | D:12     | 21884 ||| FLEEEEING.
 21885 | D:12     | 21885 ||| FLEEEEING.
 21886 | D:12     | 21886 ||| FLEEEEING.
 21887 | D:12     | 21887 ||| FLEEEEING.
 21888 | D:12     | 21888 ||| FLEEEEING.
 21889 | D:12     | 21889 ||| FLEEEEING.
 21890 | D:12     | 21890 ||| FLEEEEING.
 21908 | D:12     | 21908 ||| FLEEEEING.
 22128 | D:12     | 22128 ||| Stepping ~*~*~tactically~*~*~ (stealth).
 22178 | D:12     | Found a staircase to the Orcish Mines.
 22180 | D:12     | 22180 ||| Stepping ~*~*~tactically~*~*~ (stealth).
 22182 | D:12     | 22182 ||| Stepping ~*~*~tactically~*~*~ (hiding).
 22199 | D:12     | 22199 ||| Stepping ~*~*~tactically~*~*~ (hiding).
 22303 | D:12     | 22303 ||| INVOKING Berserk.
 22597 | D:12     | 22597 ||| Stepping ~*~*~tactically~*~*~ (hiding).
 22708 | D:12     | Noticed Maurice
 22713 | D:12     | Killed Maurice
 23045 | D:13     | 23045 ||| INVOKING Berserk.
 23067 | D:13     | 23067 ||| INVOKING Brothers in Arms.
 23068 | D:13     | 23068 ||| SWAPPING to +0 flail.
 23072 | D:13     | 23072 ||| SWAPPING to +5 spectral broad axe.
 23081 | D:13     | 23081 ||| SWAPPING to +0 flail.
 23083 | D:13     | 23083 ||| SWAPPING to +5 spectral broad axe.
 23381 | D:13     | 23381 ||| Stepping ~*~*~tactically~*~*~ (hiding).
 23383 | D:13     | 23383 ||| INVOKING Berserk.
 23499 | D:13     | 23499 ||| INVOKING Berserk.
 23676 | D:13     | 23676 ||| INVOKING Berserk.
 23843 | D:13     | 23843 ||| Stepping ~*~*~tactically~*~*~ (hiding).
 23845 | D:13     | 23845 ||| Stepping ~*~*~tactically~*~*~ (hiding).
 23846 | D:13     | 23846 ||| Stepping ~*~*~tactically~*~*~ (hiding).
 23847 | D:13     | 23847 ||| Stepping ~*~*~tactically~*~*~ (hiding).
 24055 | D:13     | 24055 ||| INVOKING Brothers in Arms.
 24057 | D:13     | 24057 ||| SWAPPING to +0 flail.
 24058 | D:13     | 24058 ||| INVOKING Berserk.
 24063 | D:13     | 24063 ||| SWAPPING to +5 spectral broad axe.
 24192 | D:13     | 24192 ||| Stepping ~*~*~tactically~*~*~ (stealth).
 24346 | D:13     | 24346 ||| Stepping ~*~*~tactically~*~*~ (stealth).
 24352 | D:13     | 24352 ||| INVOKING Berserk.
 24358 | D:13     | Reached XP level 15. HP: 147/147 MP: 14/14
 24605 | D:14     | Noticed Rupert
 24605 | D:14     | Found a gate to the Vaults.
 24606 | D:14     | 24606 ||| INVOKING Trog's Hand.
 24607 | D:14     | 24607 ||| STAIRDANCE
 24617 | D:14     | 24617 ||| STAIRDANCE
 24626 | D:14     | 24626 ||| STAIRDANCE
 24628 | D:13     | 24628 ||| INVOKING Berserk.
 24638 | D:13     | Killed Rupert
 24712 | D:14     | 24712 ||| STAIRDANCE
 24718 | D:14     | 24718 ||| STAIRDANCE
 24793 | D:14     | 24793 ||| FLEEEEING.
 24794 | D:14     | 24794 ||| FLEEEEING.
 24795 | D:14     | 24795 ||| FLEEEEING.
 24801 | D:14     | 24801 ||| INVOKING Berserk.
 24808 | D:14     | Reached skill level 18 in Fighting
 24821 | D:14     | 24821 ||| INVOKING Brothers in Arms.
 24827 | D:14     | 24827 ||| SWAPPING to +0 flail.
 24834 | D:14     | 24834 ||| SWAPPING to +5 spectral broad axe.
 24909 | D:14     | Noticed Jorgrun
 24913 | D:14     | 24913 ||| INVOKING Berserk.
 24919 | D:14     | Killed Jorgrun
 25527 | D:14     | Noticed Josephine
 25533 | D:14     | Reached skill level 15 in Armour
 25535 | D:14     | Killed Josephine
 25570 | D:14     | 25570 ||| Stepping ~*~*~tactically~*~*~ (hiding).
 25620 | D:14     | 25620 ||| Stepping ~*~*~tactically~*~*~ (hiding).
 25796 | D:15     | Entered Level 15 of the Dungeon
 25804 | D:15     | 25804 ||| Stepping ~*~*~tactically~*~*~ (hiding).
 25805 | D:15     | 25805 ||| Stepping ~*~*~tactically~*~*~ (hiding).
 25872 | D:15     | 25872 ||| Stepping ~*~*~tactically~*~*~ (stealth).
 25896 | D:15     | 25896 ||| INVOKING Berserk.
 26009 | D:15     | 26009 ||| Stepping ~*~*~tactically~*~*~ (hiding).
 26013 | D:15     | 26013 ||| INVOKING Berserk.
 26031 | D:15     | 26031 ||| INVOKING Brothers in Arms.
 26225 | D:15     | 26225 ||| DROPPING +0 flail.
 26314 | D:15     | 26314 ||| Stepping ~*~*~tactically~*~*~ (stealth).
 26318 | D:15     | 26318 ||| Stepping ~*~*~tactically~*~*~ (hiding).
 26324 | D:15     | 26324 ||| INVOKING Trog's Hand.
 26325 | D:15     | 26325 ||| INVOKING Berserk.
 26675 | D:15     | 26675 ||| Stepping ~*~*~tactically~*~*~ (hiding).
 26679 | D:15     | 26679 ||| INVOKING Berserk.
 26690 | D:15     | 26690 ||| Stepping ~*~*~tactically~*~*~ (hiding).
 26699 | D:15     | Reached skill level 9 in Dodging
 26813 | D:15     | Found a staircase to the Depths.
 26970 | D:15     | 26970 ||| Stepping ~*~*~tactically~*~*~ (stealth).
 26971 | D:15     | 26971 ||| Stepping ~*~*~tactically~*~*~ (stealth).
 26975 | D:15     | 26975 ||| FLEEEEING.
 26977 | D:15     | 26977 ||| FLEEEEING.
 26978 | D:15     | 26978 ||| FLEEEEING.
 26979 | D:15     | 26979 ||| FLEEEEING.
 26980 | D:15     | 26980 ||| FLEEEEING.
 26983 | D:15     | 26983 ||| FLEEEEING.
 26984 | D:15     | 26984 ||| Stepping ~*~*~tactically~*~*~ (hiding).
 26985 | D:15     | 26985 ||| Stepping ~*~*~tactically~*~*~ (hiding).
 27238 | D:15     | 27238 ||| Stepping ~*~*~tactically~*~*~ (stealth).
 27254 | D:15     | Reached skill level 12 in Shields
 27339 | D:15     | 27339 ||| PLANNING ORC
 27339 | D:15     | 27339 ||| DROPPING amulet of the acrobat.
 27403 | Orc:1    | Entered Level 1 of the Orcish Mines
 27411 | Orc:1    | 27411 ||| Stepping ~*~*~tactically~*~*~ (hiding).
 27412 | Orc:1    | 27412 ||| Stepping ~*~*~tactically~*~*~ (hiding).
 27421 | Orc:1    | 27421 ||| INVOKING Trog's Hand.
 27424 | Orc:1    | 27424 ||| INVOKING Berserk.
 27563 | Orc:1    | 27563 ||| Stepping ~*~*~tactically~*~*~ (hiding).
 27564 | Orc:1    | 27564 ||| Stepping ~*~*~tactically~*~*~ (hiding).
 27698 | Orc:1    | 27698 ||| INVOKING Trog's Hand.
 27704 | Orc:1    | 27704 ||| INVOKING Berserk.
 27841 | Orc:1    | 27841 ||| Stepping ~*~*~tactically~*~*~ (stealth).
 27848 | Orc:1    | 27848 ||| Stepping ~*~*~tactically~*~*~ (stealth).
 27851 | Orc:1    | 27851 ||| Stepping ~*~*~tactically~*~*~ (stealth).
 27852 | Orc:1    | 27852 ||| Stepping ~*~*~tactically~*~*~ (stealth).
 27861 | Orc:1    | 27861 ||| Stepping ~*~*~tactically~*~*~ (stealth).
 27866 | Orc:1    | 27866 ||| Stepping ~*~*~tactically~*~*~ (stealth).
 27867 | Orc:1    | 27867 ||| Stepping ~*~*~tactically~*~*~ (stealth).
 27870 | Orc:1    | 27870 ||| Stepping ~*~*~tactically~*~*~ (stealth).
 27871 | Orc:1    | 27871 ||| Stepping ~*~*~tactically~*~*~ (hiding).
 27872 | Orc:1    | 27872 ||| Stepping ~*~*~tactically~*~*~ (stealth).
 27873 | Orc:1    | 27873 ||| Stepping ~*~*~tactically~*~*~ (hiding).
 27878 | Orc:1    | 27878 ||| Stepping ~*~*~tactically~*~*~ (hiding).
 27892 | Orc:1    | 27892 ||| Stepping ~*~*~tactically~*~*~ (hiding).
 27909 | Orc:1    | 27909 ||| Stepping ~*~*~tactically~*~*~ (hiding).
 27910 | Orc:1    | 27910 ||| Stepping ~*~*~tactically~*~*~ (hiding).
 27917 | Orc:1    | 27917 ||| Stepping ~*~*~tactically~*~*~ (hiding).
 27918 | Orc:1    | 27918 ||| Stepping ~*~*~tactically~*~*~ (hiding).
 28100 | Orc:1    | Identified the +4 hat "Dafosecs" {+Inv Fly rC-}
 28315 | Orc:1    | 28315 ||| UPGRADING to +4 hat "Dafosecs" {+Inv Fly rC-}.
 28325 | Orc:1    | 28325 ||| DROPPING +2 hat.
 28326 | Orc:1    | 28326 ||| DROPPING +1 hat.
 28327 | Orc:1    | 28327 ||| DROPPING +1 hat.
 28347 | Orc:2    | Entered Level 2 of the Orcish Mines
 28404 | Orc:2    | Found a staircase to the Elven Halls.
 28454 | Orc:2    | 28454 ||| INVOKING Trog's Hand.
 28457 | Orc:2    | 28457 ||| INVOKING Berserk.
 28605 | Orc:2    | Reached XP level 16. HP: 95/160 MP: 15/15
 28682 | Orc:2    | 28682 ||| Stepping ~*~*~tactically~*~*~ (hiding).
 28799 | Orc:2    | 28799 ||| Stepping ~*~*~tactically~*~*~ (hiding).
 28800 | Orc:2    | 28800 ||| Stepping ~*~*~tactically~*~*~ (hiding).
 28807 | Orc:2    | 28807 ||| Stepping ~*~*~tactically~*~*~ (stealth).
 28810 | Orc:2    | 28810 ||| Stepping ~*~*~tactically~*~*~ (stealth).
 28811 | Orc:2    | 28811 ||| Stepping ~*~*~tactically~*~*~ (stealth).
 28812 | Orc:2    | 28812 ||| Stepping ~*~*~tactically~*~*~ (stealth).
 28813 | Orc:2    | 28813 ||| Stepping ~*~*~tactically~*~*~ (hiding).
 28814 | Orc:2    | 28814 ||| Stepping ~*~*~tactically~*~*~ (stealth).
 28817 | Orc:2    | 28817 ||| Stepping ~*~*~tactically~*~*~ (hiding).
 28819 | Orc:2    | 28819 ||| Stepping ~*~*~tactically~*~*~ (hiding).
 28866 | Orc:2    | 28866 ||| Stepping ~*~*~tactically~*~*~ (stealth).
 28868 | Orc:2    | 28868 ||| Stepping ~*~*~tactically~*~*~ (hiding).
 28869 | Orc:2    | 28869 ||| Stepping ~*~*~tactically~*~*~ (hiding).
 28872 | Orc:2    | 28872 ||| Stepping ~*~*~tactically~*~*~ (stealth).
 29032 | Orc:2    | Noticed Saint Roka
 29033 | Orc:2    | 29033 ||| INVOKING Brothers in Arms.
 29034 | Orc:2    | 29034 ||| INVOKING Berserk.
 29047 | Orc:2    | Found Xonisoti's Antique Weapon Shop.
 29058 | Orc:2    | Killed Saint Roka
 29063 | Orc:2    | Found Extyezoj's Antique Armour Boutique.
 29122 | Orc:2    | 29122 ||| DROPPING +1 flail of draining.
 29372 | Orc:2    | Found Soko's Assorted Antiques.
 29403 | Orc:2    | 29403 ||| BUYING pair of runed boots (262 gold).
 29403 | Orc:2    | Bought a pair of runed boots for 262 gold pieces
 29403 | Orc:2    | 29403 ||| BUYING scroll of enchant armour (262 gold).
 29403 | Orc:2    | Bought a scroll of enchant armour for 262 gold pieces
 29428 | Orc:2    | 29428 ||| Stepping ~*~*~tactically~*~*~ (stealth).
 29429 | Orc:2    | 29429 ||| Stepping ~*~*~tactically~*~*~ (stealth).
 29431 | Orc:2    | 29431 ||| Stepping ~*~*~tactically~*~*~ (stealth).
 29436 | Orc:2    | 29436 ||| INVOKING Berserk.
 29547 | Orc:2    | Found Goff's Antique Armour Boutique.
 29552 | Orc:2    | 29552 ||| BUYING ancient chain mail (256 gold).
 29552 | Orc:2    | Bought an ancient chain mail for 256 gold pieces
 29552 | Orc:2    | Identified the +6 chain mail "Doaghe Mane" {Dex+4} (You
                  | bought it in a shop on level 2 of the Orcish Mines)
 29628 | Orc:2    | 29628 ||| DROPPING +6 chain mail of Purpose {Rampage
                  | rElec}.
 29629 | Orc:2    | 29629 ||| DROPPING +2 pair of boots.
 29709 | Orc:1    | 29709 ||| Stepping ~*~*~tactically~*~*~ (hiding).
 29901 | Orc:1    | Found a runed translucent door.
 30073 | Orc:1    | 30073 ||| PLANNING SWAMP:1-3
 30236 | Swamp:1  | Entered Level 1 of the Swamp
 30238 | Swamp:1  | 30238 ||| INVOKING Berserk.
 30405 | Swamp:1  | 30405 ||| INVOKING Brothers in Arms.
 30406 | Swamp:1  | 30406 ||| INVOKING Berserk.
 30640 | Swamp:1  | 30640 ||| INVOKING Brothers in Arms.
 30642 | Swamp:1  | 30642 ||| SWAPPING to +4 war axe of flaming.
 30644 | Swamp:1  | 30644 ||| SWAPPING to +5 spectral broad axe.
 30645 | Swamp:1  | 30645 ||| INVOKING Berserk.
 30759 | Swamp:1  | 30759 ||| Stepping ~*~*~tactically~*~*~ (stealth).
 30776 | Swamp:1  | 30776 ||| Stepping ~*~*~tactically~*~*~ (hiding).
 30911 | Swamp:1  | Noticed Frances
 30912 | Swamp:1  | 30912 ||| INVOKING Brothers in Arms.
 30917 | Swamp:1  | 30917 ||| INVOKING Berserk.
 30920 | Swamp:1  | Killed Frances
 31033 | Swamp:1  | 31033 ||| READING scroll of acquirement.
 31033 | Swamp:1  | 31033 ||| ACQUIRING amulet "Zoqaok" {Regen+ Str+4 Stlth+}
 31033 | Swamp:1  | Acquired the amulet "Zoqaok" {Regen+ Str+4 Stlth+}
 31071 | Swamp:1  | 31071 ||| INVOKING Trog's Hand.
 31072 | Swamp:1  | 31072 ||| INVOKING Berserk.
 31320 | Swamp:1  | 31320 ||| Stepping ~*~*~tactically~*~*~ (hiding).
 31322 | Swamp:1  | 31322 ||| INVOKING Berserk.
 31518 | Swamp:2  | 31518 ||| INVOKING Berserk.
 31651 | Swamp:2  | 31651 ||| Stepping ~*~*~tactically~*~*~ (hiding).
 31654 | Swamp:2  | 31654 ||| Stepping ~*~*~tactically~*~*~ (hiding).
 31655 | Swamp:2  | 31655 ||| INVOKING Berserk.
 31675 | Swamp:2  | 31675 ||| SWAPPING to +4 war axe of flaming.
 31684 | Swamp:2  | 31684 ||| SWAPPING to +5 spectral broad axe.
 31918 | Swamp:2  | 31918 ||| INVOKING Brothers in Arms.
 31919 | Swamp:2  | 31919 ||| INVOKING Brothers in Arms.
 31920 | Swamp:2  | 31920 ||| SWAPPING to +4 war axe of flaming.
 31925 | Swamp:2  | 31925 ||| SWAPPING to +5 spectral broad axe.
 32174 | Swamp:2  | 32174 ||| DROPPING +1 pair of gloves.
 32230 | Swamp:3  | 32230 ||| SWAPPING to +4 war axe of flaming.
 32235 | Swamp:3  | 32235 ||| SWAPPING to +5 spectral broad axe.
 32245 | Swamp:3  | 32245 ||| SWAPPING to +4 war axe of flaming.
 32248 | Swamp:3  | 32248 ||| SWAPPING to +5 spectral broad axe.
 32256 | Swamp:3  | Noticed a tentacled monstrosity
 32261 | Swamp:3  | 32261 ||| INVOKING Berserk.
 32264 | Swamp:3  | Killed a tentacled monstrosity
 32314 | Swamp:3  | 32314 ||| INVOKING Berserk.
 32487 | Swamp:3  | 32487 ||| INVOKING Berserk.
 32508 | Swamp:3  | 32508 ||| Stepping ~*~*~tactically~*~*~ (stealth).
 32509 | Swamp:3  | 32509 ||| Stepping ~*~*~tactically~*~*~ (stealth).
 32552 | Swamp:3  | 32552 ||| INVOKING Berserk.
 32731 | Swamp:3  | Noticed a thorn hunter
 32732 | Swamp:3  | 32732 ||| INVOKING Berserk.
 32736 | Swamp:3  | Killed a thorn hunter
 32737 | Swamp:3  | Reached skill level 21 in Fighting
 32926 | Swamp:3  | 32926 ||| INVOKING Berserk.
 33068 | Swamp:3  | 33068 ||| INVOKING Berserk.
 33233 | Swamp:3  | 33233 ||| INVOKING Berserk.
 33504 | Swamp:3  | 33504 ||| PLANNING SNAKE:1-3
 33504 | Swamp:3  | 33504 ||| DROPPING +1 pair of boots.
 33584 | Snake:1  | Entered Level 1 of the Snake Pit
 33621 | Snake:1  | 33621 ||| INVOKING Berserk.
 33775 | Snake:1  | Noticed Asterion
 33776 | Snake:1  | 33776 ||| Stepping ~*~*~tactically~*~*~ (hiding).
 33777 | Snake:1  | 33777 ||| Stepping ~*~*~tactically~*~*~ (hiding).
 33782 | Snake:1  | 33782 ||| INVOKING Berserk.
 33789 | Snake:1  | Killed Asterion
 33946 | Snake:1  | 33946 ||| Stepping ~*~*~tactically~*~*~ (hiding).
 33947 | Snake:1  | 33947 ||| Stepping ~*~*~tactically~*~*~ (hiding).
 34122 | Snake:1  | 34122 ||| Stepping ~*~*~tactically~*~*~ (hiding).
 34123 | Snake:1  | 34123 ||| Stepping ~*~*~tactically~*~*~ (hiding).
 34230 | Snake:1  | 34230 ||| Stepping ~*~*~tactically~*~*~ (hiding).
 34231 | Snake:1  | 34231 ||| Stepping ~*~*~tactically~*~*~ (hiding).
 34232 | Snake:1  | 34232 ||| Stepping ~*~*~tactically~*~*~ (hiding).
 34235 | Snake:1  | 34235 ||| INVOKING Berserk.
 34363 | Snake:1  | Noticed Aizul
 34364 | Snake:1  | 34364 ||| INVOKING Trog's Hand.
 34366 | Snake:1  | 34366 ||| INVOKING Berserk.
 34371 | Snake:1  | Killed Aizul
 34372 | Snake:1  | Reached XP level 17. HP: 173/173 MP: 16/16
 34490 | Snake:1  | 34490 ||| Stepping ~*~*~tactically~*~*~ (hiding).
 34862 | Snake:1  | 34862 ||| Stepping ~*~*~tactically~*~*~ (hiding).
 35059 | Snake:1  | 35059 ||| DROPPING +0 buckler.
 35143 | Snake:2  | Noticed Vashnia
 35144 | Snake:2  | 35144 ||| INVOKING Berserk.
 35164 | Snake:2  | Killed Vashnia
 35367 | Snake:2  | 35367 ||| Stepping ~*~*~tactically~*~*~ (hiding).
 35369 | Snake:2  | 35369 ||| Stepping ~*~*~tactically~*~*~ (hiding).
 35457 | Snake:2  | Reached skill level 18 in Armour
 35700 | Snake:2  | Identified the +3 scale mail of Riro {Str+5 SInv}
 35897 | Snake:2  | 35897 ||| DROPPING +0 kite shield.
 35898 | Snake:2  | 35898 ||| DROPPING ring of protection from cold.
 35899 | Snake:2  | 35899 ||| DROPPING ring of see invisible.
 35936 | Snake:3  | 35936 ||| INVOKING Berserk.
 36264 | Snake:3  | 36264 ||| Stepping ~*~*~tactically~*~*~ (hiding).
 36462 | Snake:3  | 36462 ||| Stepping ~*~*~tactically~*~*~ (hiding).
 36539 | Snake:3  | Found Kilibbit's Self-Improvement Boutique.
 36598 | Snake:3  | Found Ocaragh's Book Shop.
 36599 | Snake:3  | 36599 ||| Stepping ~*~*~tactically~*~*~ (hiding).
 36607 | Snake:3  | 36607 ||| INVOKING Berserk.
 36615 | Snake:3  | Found Ewowuow's Distillery.
 36725 | Snake:3  | Found Zocvith's General Store.
 36732 | Snake:3  | 36732 ||| BUYING potion of cancellation (136 gold).
 36732 | Snake:3  | Bought a potion of cancellation for 136 gold pieces
 36732 | Snake:3  | 36732 ||| BUYING potion of curing (51 gold).
 36732 | Snake:3  | Bought a potion of curing for 51 gold pieces
 36732 | Snake:3  | 36732 ||| BUYING potion of curing (51 gold).
 36732 | Snake:3  | Bought a potion of curing for 51 gold pieces
 36732 | Snake:3  | 36732 ||| BUYING potion of curing (51 gold).
 36732 | Snake:3  | Bought a potion of curing for 51 gold pieces
 36732 | Snake:3  | 36732 ||| BUYING potion of haste (170 gold).
 36732 | Snake:3  | Bought a potion of haste for 170 gold pieces
 36732 | Snake:3  | 36732 ||| BUYING potion of heal wounds (85 gold).
 36732 | Snake:3  | Bought a potion of heal wounds for 85 gold pieces
 36732 | Snake:3  | 36732 ||| BUYING potion of might (68 gold).
 36732 | Snake:3  | Bought a potion of might for 68 gold pieces
 36734 | Snake:3  | 36734 ||| BUYING potion of curing (45 gold).
 36734 | Snake:3  | Bought a potion of curing for 45 gold pieces
 37299 | Snake:3  | 37299 ||| INVOKING Berserk.
 37453 | Snake:3  | 37453 ||| PLANNING SWAMP:4
 37453 | Snake:3  | 37453 ||| READING 20 scrolls of identify.
 37453 | Snake:3  | 37453 ||| IDENTIFYING metallic golden potion
 37454 | Snake:3  | 37454 ||| DROPPING potion of magic.
 37608 | Swamp:4  | Entered Level 4 of the Swamp
 37722 | Swamp:4  | 37722 ||| Stepping ~*~*~tactically~*~*~ (hiding).
 37723 | Swamp:4  | 37723 ||| Stepping ~*~*~tactically~*~*~ (hiding).
 37868 | Swamp:4  | 37868 ||| Stepping ~*~*~tactically~*~*~ (hiding).
 38000 | Swamp:4  | 38000 ||| Stepping ~*~*~tactically~*~*~ (hiding).
 38083 | Swamp:4  | 38083 ||| SWAPPING to +4 war axe of flaming.
 38087 | Swamp:4  | 38087 ||| SWAPPING to +5 spectral broad axe.
 38098 | Swamp:4  | 38098 ||| SWAPPING to +4 war axe of flaming.
 38100 | Swamp:4  | Noticed the 27-headed Lernaean hydra
 38100 | Swamp:4  | 38100 ||| Stepping ~*~*~tactically~*~*~ (stealth).
 38101 | Swamp:4  | 38101 ||| Stepping ~*~*~tactically~*~*~ (stealth).
 38116 | Swamp:4  | 38116 ||| INVOKING Berserk.
 38118 | Swamp:4  | Killed the 22-headed Lernaean hydra
 38166 | Swamp:4  | 38166 ||| Stepping ~*~*~tactically~*~*~ (stealth).
 38167 | Swamp:4  | 38167 ||| SWAPPING to +5 spectral broad axe.
 38273 | Swamp:4  | 38273 ||| SWAPPING to +4 war axe of flaming.
 38277 | Swamp:4  | 38277 ||| SWAPPING to +5 spectral broad axe.
 38298 | Swamp:4  | Got a decaying rune of Zot
 38588 | Swamp:4  | 38588 ||| PLANNING VAULTS:1-4
 38799 | Vaults:1 | Entered Level 1 of the Vaults
 38843 | Vaults:1 | Found Yce Esai's Magic Scroll Shop.
 38845 | Vaults:1 | 38845 ||| Stepping ~*~*~tactically~*~*~ (hiding).
 38847 | Vaults:1 | 38847 ||| Stepping ~*~*~tactically~*~*~ (hiding).
 38849 | Vaults:1 | 38849 ||| Stepping ~*~*~tactically~*~*~ (hiding).
 38873 | Vaults:1 | 38873 ||| BUYING scroll of teleportation (42 gold).
 38873 | Vaults:1 | Bought a scroll of teleportation for 42 gold pieces
 38873 | Vaults:1 | 38873 ||| BUYING scroll of teleportation (42 gold).
 38873 | Vaults:1 | Bought a scroll of teleportation for 42 gold pieces
 38907 | Vaults:1 | Noticed Zenata
 38908 | Vaults:1 | 38908 ||| INVOKING Brothers in Arms.
 38909 | Vaults:1 | 38909 ||| INVOKING Berserk.
 38916 | Vaults:1 | Killed Zenata
 39082 | Vaults:1 | 39082 ||| Stepping ~*~*~tactically~*~*~ (stealth).
 39083 | Vaults:1 | 39083 ||| Stepping ~*~*~tactically~*~*~ (stealth).
 39283 | Vaults:1 | 39283 ||| READING scroll of enchant weapon.
 39283 | Vaults:1 | 39283 ||| ENCHANTING +5 spectral broad axe.
 39308 | Vaults:1 | Reached XP level 18. HP: 160/188 MP: 17/17
 39362 | Vaults:1 | 39362 ||| DROPPING +4 war axe of flaming.
 39410 | Vaults:1 | Received a gift from Trog
 39663 | Vaults:1 | Found Toischem's Book Boutique.
 39750 | Vaults:1 | Found Luypios's Distillery.
 39758 | Vaults:1 | 39758 ||| BUYING potion of curing (60 gold).
 39758 | Vaults:1 | Bought a potion of curing for 60 gold pieces
 39758 | Vaults:1 | 39758 ||| BUYING potion of curing (60 gold).
 39758 | Vaults:1 | Bought a potion of curing for 60 gold pieces
 39758 | Vaults:1 | 39758 ||| BUYING potion of mutation (160 gold).
 39758 | Vaults:1 | Bought a potion of mutation for 160 gold pieces
 39758 | Vaults:1 | 39758 ||| BUYING potion of resistance (200 gold).
 39758 | Vaults:1 | Bought a potion of resistance for 200 gold pieces
 39779 | Vaults:1 | 39779 ||| READING scroll of acquirement.
 39779 | Vaults:1 | 39779 ||| ACQUIRING 1150 gold pieces
 39779 | Vaults:1 | Acquired 1150 gold pieces
 39830 | Vaults:1 | Found Hutoet's Antique Weapon Boutique.
 39876 | Vaults:1 | 39876 ||| Stepping ~*~*~tactically~*~*~ (stealth).
 39880 | Vaults:1 | 39880 ||| Stepping ~*~*~tactically~*~*~ (stealth).
 39883 | Vaults:1 | 39883 ||| Stepping ~*~*~tactically~*~*~ (stealth).
 39888 | Vaults:1 | 39888 ||| Stepping ~*~*~tactically~*~*~ (stealth).
 40138 | Vaults:2 | 40138 ||| INVOKING Brothers in Arms.
 40139 | Vaults:2 | 40139 ||| INVOKING Berserk.
 40290 | Vaults:2 | 40290 ||| INVOKING Brothers in Arms.
 40291 | Vaults:2 | 40291 ||| INVOKING Berserk.
 40455 | Vaults:2 | 40455 ||| INVOKING Trog's Hand.
 40474 | Vaults:2 | 40474 ||| Stepping ~*~*~tactically~*~*~ (stealth).
 40479 | Vaults:2 | 40479 ||| Stepping ~*~*~tactically~*~*~ (stealth).
 40552 | Vaults:2 | 40552 ||| Stepping ~*~*~tactically~*~*~ (stealth).
 40556 | Vaults:2 | 40556 ||| INVOKING Trog's Hand.
 40619 | Vaults:2 | 40619 ||| INVOKING Brothers in Arms.
 40620 | Vaults:2 | 40620 ||| INVOKING Brothers in Arms.
 40622 | Vaults:2 | 40622 ||| INVOKING Berserk.
 40789 | Vaults:2 | Found Wuderhucea's Jewellery Emporium.
 40792 | Vaults:2 | 40792 ||| BUYING ring of poison resistance (380 gold).
 40792 | Vaults:2 | Bought a ring of poison resistance for 380 gold pieces
 40792 | Vaults:2 | 40792 ||| BUYING ring of protection from fire (475 gold).
 40792 | Vaults:2 | Bought a ring of protection from fire for 475 gold pieces
 40849 | Vaults:2 | Found Ohiefuj's Book Shop.
 40870 | Vaults:2 | 40870 ||| DRINKING 7 potions of resistance.
 41007 | Vaults:2 | 41007 ||| Stepping ~*~*~tactically~*~*~ (hiding).
 41018 | Vaults:2 | 41018 ||| INVOKING Trog's Hand.
 41028 | Vaults:2 | Reached skill level 24 in Fighting
 41179 | Vaults:2 | Found a staircase to the Crypt.
 41180 | Vaults:2 | 41180 ||| Stepping ~*~*~tactically~*~*~ (hiding).
 41248 | Vaults:2 | 41248 ||| Stepping ~*~*~tactically~*~*~ (hiding).
 41251 | Vaults:2 | 41251 ||| INVOKING Brothers in Arms.
 41252 | Vaults:2 | 41252 ||| INVOKING Berserk.
 41435 | Vaults:2 | 41435 ||| FLEEEEING.
 41436 | Vaults:2 | 41436 ||| FLEEEEING.
 41437 | Vaults:2 | 41437 ||| FLEEEEING.
 41438 | Vaults:2 | 41438 ||| FLEEEEING.
 41439 | Vaults:2 | 41439 ||| FLEEEEING.
 41440 | Vaults:2 | 41440 ||| FLEEEEING.
 41441 | Vaults:2 | 41441 ||| FLEEEEING.
 41442 | Vaults:2 | 41442 ||| FLEEEEING.
 41443 | Vaults:2 | 41443 ||| FLEEEEING.
 41444 | Vaults:2 | 41444 ||| FLEEEEING.
 41445 | Vaults:2 | 41445 ||| FLEEEEING.
 41446 | Vaults:2 | 41446 ||| FLEEEEING.
 41447 | Vaults:2 | 41447 ||| FLEEEEING.
 41448 | Vaults:2 | 41448 ||| FLEEEEING.
 41449 | Vaults:2 | 41449 ||| FLEEEEING.
 41453 | Vaults:2 | 41453 ||| FLEEEEING.
 41456 | Vaults:2 | 41456 ||| FLEEEEING.
 41457 | Vaults:2 | 41457 ||| FLEEEEING.
 41458 | Vaults:2 | 41458 ||| FLEEEEING.
 41459 | Vaults:2 | 41459 ||| FLEEEEING.
 41460 | Vaults:2 | 41460 ||| FLEEEEING.
 41461 | Vaults:2 | 41461 ||| FLEEEEING.
 41462 | Vaults:2 | 41462 ||| FLEEEEING.
 41463 | Vaults:2 | 41463 ||| FLEEEEING.
 41464 | Vaults:2 | 41464 ||| FLEEEEING.
 41465 | Vaults:2 | 41465 ||| FLEEEEING.
 41470 | Vaults:2 | 41470 ||| FLEEEEING.
 41471 | Vaults:2 | 41471 ||| FLEEEEING.
 41472 | Vaults:2 | 41472 ||| FLEEEEING.
 41473 | Vaults:2 | 41473 ||| FLEEEEING.
 41474 | Vaults:2 | 41474 ||| FLEEEEING.
 41475 | Vaults:2 | 41475 ||| FLEEEEING.
 41476 | Vaults:2 | 41476 ||| FLEEEEING.
 41477 | Vaults:2 | 41477 ||| FLEEEEING.
 41486 | Vaults:2 | 41486 ||| Stepping ~*~*~tactically~*~*~ (hiding).
 41527 | Vaults:2 | 41527 ||| INVOKING Trog's Hand.
 41529 | Vaults:2 | 41529 ||| INVOKING Berserk.
 41712 | Vaults:2 | 41712 ||| INVOKING Berserk.
 41843 | Vaults:2 | 41843 ||| INVOKING Trog's Hand.
 41867 | Vaults:2 | 41867 ||| READING 22 scrolls of teleportation.
 41883 | Vaults:2 | 41883 ||| INVOKING Trog's Hand.
 41893 | Vaults:2 | Found Fezut's Jewellery Shop.
 41900 | Vaults:2 | 41900 ||| BUYING ring of Ennogaff {Fly rF- Will+++ Str-3
                  | Int+7 SInv} (1177 gold).
 41900 | Vaults:2 | Bought the ring of Ennogaff {Fly rF- Will+++ Str-3 Int+7
                  | SInv} for 1177 gold pieces
 41989 | Vaults:2 | 41989 ||| INVOKING Trog's Hand.
 42009 | Vaults:2 | 42009 ||| FLEEEEING.
 42010 | Vaults:2 | 42010 ||| FLEEEEING.
 42019 | Vaults:2 | 42019 ||| STAIRDANCE
 42224 | Vaults:3 | Identified the ring of Otsar {Will++ AC+4 SInv}
 42285 | Vaults:3 | 42285 ||| INVOKING Trog's Hand.
 42286 | Vaults:3 | 42286 ||| INVOKING Berserk.
 42292 | Vaults:3 | Noticed a Brimstone Fiend
 42297 | Vaults:3 | Killed a Brimstone Fiend
 42309 | Vaults:3 | HP: 46/191 [fire giant/+2 great sword of flaming (12)]
 42310 | Vaults:3 | 42310 ||| READING 21 scrolls of teleportation.
 42311 | Vaults:3 | 42311 ||| DRINKING 6 potions of heal wounds.
 42315 | Vaults:3 | HP: 46/191 [brown ugly thing[a wizard] (6)]
 42316 | Vaults:3 | 42316 ||| READING 20 scrolls of teleportation.
 42318 | Vaults:3 | 42318 ||| DRINKING 5 potions of heal wounds.
 42319 | Vaults:3 | 42319 ||| DRINKING 4 potions of heal wounds.
 42417 | Vaults:3 | 42417 ||| INVOKING Trog's Hand.
 42434 | Vaults:3 | 42434 ||| INVOKING Trog's Hand.
 42444 | Vaults:3 | 42444 ||| DRINKING 6 potions of resistance.
 42723 | Vaults:3 | 42723 ||| Stepping ~*~*~tactically~*~*~ (hiding).
 42724 | Vaults:3 | 42724 ||| INVOKING Trog's Hand.
 42750 | Vaults:3 | Found Unlumm Pusm's Armour Boutique.
 42802 | Vaults:3 | 42802 ||| Stepping ~*~*~tactically~*~*~ (hiding).
 42818 | Vaults:3 | 42818 ||| Stepping ~*~*~tactically~*~*~ (hiding).
 42843 | Vaults:3 | 42843 ||| Stepping ~*~*~tactically~*~*~ (stealth).
 42923 | Vaults:3 | 42923 ||| Stepping ~*~*~tactically~*~*~ (stealth).
 42925 | Vaults:3 | 42925 ||| Stepping ~*~*~tactically~*~*~ (stealth).
 42927 | Vaults:3 | 42927 ||| Stepping ~*~*~tactically~*~*~ (stealth).
 42928 | Vaults:3 | 42928 ||| INVOKING Trog's Hand.
 42936 | Vaults:3 | 42936 ||| Stepping ~*~*~tactically~*~*~ (hiding).
 42941 | Vaults:3 | Reached XP level 19. HP: 193/201 MP: 18/18
 42943 | Vaults:3 | 42943 ||| Stepping ~*~*~tactically~*~*~ (hiding).
 42947 | Vaults:3 | 42947 ||| Stepping ~*~*~tactically~*~*~ (hiding).
 42948 | Vaults:3 | 42948 ||| Stepping ~*~*~tactically~*~*~ (hiding).
 42956 | Vaults:3 | 42956 ||| INVOKING Trog's Hand.
 42958 | Vaults:3 | 42958 ||| INVOKING Berserk.
 42974 | Vaults:3 | 42974 ||| DRINKING 5 potions of resistance.
 43115 | Vaults:3 | 43115 ||| INVOKING Trog's Hand.
 43181 | Vaults:3 | 43181 ||| INVOKING Berserk.
 43519 | Vaults:3 | 43519 ||| Stepping ~*~*~tactically~*~*~ (hiding).
 43520 | Vaults:3 | 43520 ||| Stepping ~*~*~tactically~*~*~ (stealth).
 43528 | Vaults:3 | 43528 ||| FLEEEEING.
 43529 | Vaults:3 | 43529 ||| FLEEEEING.
 43530 | Vaults:3 | 43530 ||| FLEEEEING.
 43586 | Vaults:3 | 43586 ||| FLEEEEING.
 43587 | Vaults:3 | 43587 ||| FLEEEEING.
 43592 | Vaults:3 | 43592 ||| FLEEEEING.
 43593 | Vaults:3 | 43593 ||| FLEEEEING.
 43594 | Vaults:3 | 43594 ||| FLEEEEING.
 43595 | Vaults:3 | 43595 ||| FLEEEEING.
 43602 | Vaults:3 | 43602 ||| Stepping ~*~*~tactically~*~*~ (hiding).
 43604 | Vaults:3 | 43604 ||| Stepping ~*~*~tactically~*~*~ (hiding).
 43606 | Vaults:3 | 43606 ||| INVOKING Trog's Hand.
 43817 | Vaults:3 | 43817 ||| FLEEEEING.
 43820 | Vaults:3 | 43820 ||| FLEEEEING.
 43821 | Vaults:3 | 43821 ||| FLEEEEING.
 43822 | Vaults:3 | 43822 ||| FLEEEEING.
 43823 | Vaults:3 | 43823 ||| FLEEEEING.
 43825 | Vaults:3 | 43825 ||| FLEEEEING.
 43827 | Vaults:3 | 43827 ||| FLEEEEING.
 43828 | Vaults:3 | 43828 ||| FLEEEEING.
 43829 | Vaults:3 | 43829 ||| FLEEEEING.
 43830 | Vaults:3 | 43830 ||| FLEEEEING.
 43831 | Vaults:3 | 43831 ||| FLEEEEING.
 43832 | Vaults:3 | 43832 ||| FLEEEEING.
 43833 | Vaults:3 | 43833 ||| FLEEEEING.
 43834 | Vaults:3 | 43834 ||| FLEEEEING.
 43835 | Vaults:3 | 43835 ||| FLEEEEING.
 43836 | Vaults:3 | 43836 ||| FLEEEEING.
 43837 | Vaults:3 | 43837 ||| FLEEEEING.
 43838 | Vaults:3 | 43838 ||| FLEEEEING.
 43839 | Vaults:3 | 43839 ||| FLEEEEING.
 43840 | Vaults:3 | 43840 ||| FLEEEEING.
 43841 | Vaults:3 | 43841 ||| FLEEEEING.
 43842 | Vaults:3 | 43842 ||| FLEEEEING.
 43843 | Vaults:3 | 43843 ||| FLEEEEING.
 43844 | Vaults:3 | 43844 ||| FLEEEEING.
 43876 | Vaults:3 | 43876 ||| DROPPING +6 ring of strength.
 43877 | Vaults:3 | 43877 ||| UPGRADING to ring of Otsar {Will++ AC+4 SInv}.
 43879 | Vaults:3 | 43879 ||| DROPPING ring of see invisible.
 43896 | Vaults:4 | 43896 ||| INVOKING Berserk.
 44038 | Vaults:4 | 44038 ||| INVOKING Trog's Hand.
 44093 | Vaults:4 | 44093 ||| INVOKING Trog's Hand.
 44147 | Vaults:4 | 44147 ||| INVOKING Trog's Hand.
 44197 | Vaults:4 | 44197 ||| Stepping ~*~*~tactically~*~*~ (stealth).
 44215 | Vaults:4 | 44215 ||| Stepping ~*~*~tactically~*~*~ (hiding).
 44221 | Vaults:4 | 44221 ||| DRINKING 4 potions of resistance.
 44234 | Vaults:4 | 44234 ||| Stepping ~*~*~tactically~*~*~ (hiding).
 44245 | Vaults:4 | Reached skill level 15 in Shields
 44297 | Vaults:4 | 44297 ||| Stepping ~*~*~tactically~*~*~ (hiding).
 44390 | Vaults:4 | 44390 ||| Stepping ~*~*~tactically~*~*~ (stealth).
 44393 | Vaults:4 | 44393 ||| Stepping ~*~*~tactically~*~*~ (stealth).
 44401 | Vaults:4 | 44401 ||| Stepping ~*~*~tactically~*~*~ (hiding).
 44408 | Vaults:4 | 44408 ||| INVOKING Trog's Hand.
 44411 | Vaults:4 | 44411 ||| INVOKING Berserk.
 44416 | Vaults:4 | Reached skill level 12 in Dodging
 44634 | Vaults:4 | 44634 ||| READING 19 scrolls of teleportation.
 44676 | Vaults:4 | 44676 ||| READING 18 scrolls of teleportation.
 44677 | Vaults:4 | 44677 ||| FLEEEEING.
 44678 | Vaults:4 | 44678 ||| FLEEEEING.
 44679 | Vaults:4 | 44679 ||| FLEEEEING.
 44680 | Vaults:4 | 44680 ||| FLEEEEING.
 44711 | Vaults:4 | 44711 ||| Stepping ~*~*~tactically~*~*~ (hiding).
 44713 | Vaults:4 | 44713 ||| INVOKING Trog's Hand.
 44758 | Vaults:4 | 44758 ||| Stepping ~*~*~tactically~*~*~ (hiding).
 44916 | Vaults:4 | 44916 ||| Stepping ~*~*~tactically~*~*~ (hiding).
 44919 | Vaults:4 | 44919 ||| Stepping ~*~*~tactically~*~*~ (hiding).
 44925 | Vaults:4 | 44925 ||| INVOKING Berserk.
 44948 | Vaults:4 | 44948 ||| INVOKING Trog's Hand.
 45052 | Vaults:4 | 45052 ||| Stepping ~*~*~tactically~*~*~ (hiding).
 45058 | Vaults:4 | Reached skill level 21 in Armour
 45062 | Vaults:4 | 45062 ||| Stepping ~*~*~tactically~*~*~ (hiding).
 45066 | Vaults:4 | 45066 ||| DRINKING 3 potions of resistance.
 45067 | Vaults:4 | 45067 ||| INVOKING Berserk.
 45109 | Vaults:4 | 45109 ||| Stepping ~*~*~tactically~*~*~ (hiding).
 45347 | Vaults:4 | 45347 ||| Stepping ~*~*~tactically~*~*~ (hiding).
 45353 | Vaults:4 | 45353 ||| INVOKING Brothers in Arms.
 45354 | Vaults:4 | 45354 ||| INVOKING Berserk.
 45553 | Vaults:4 | Found a transporter.
 45554 | Vaults:4 | Noticed Johuab's ghost (adept MiBe)
 45559 | Vaults:4 | Identified the +11 giant club "Kukhut" {flame, rF+}
 45572 | Vaults:4 | 45572 ||| PLANNING SNAKE:4
 45919 | Snake:4  | Entered Level 4 of the Snake Pit
 45919 | Snake:4  | Noticed Agnes
 45920 | Snake:4  | 45920 ||| STAIRDANCE
 45922 | Snake:3  | 45922 ||| INVOKING Berserk.
 46034 | Snake:4  | 46034 ||| STAIRDANCE
 46036 | Snake:3  | 46036 ||| INVOKING Berserk.
 46042 | Snake:3  | Killed Agnes
 46382 | Snake:4  | 46382 ||| Stepping ~*~*~tactically~*~*~ (hiding).
 46417 | Snake:4  | 46417 ||| Stepping ~*~*~tactically~*~*~ (stealth).
 46421 | Snake:4  | 46421 ||| Stepping ~*~*~tactically~*~*~ (hiding).
 46447 | Snake:4  | 46447 ||| INVOKING Berserk.
 46456 | Snake:4  | Reached XP level 20. HP: 213/213 MP: 19/19
 46476 | Snake:4  | 46476 ||| Stepping ~*~*~tactically~*~*~ (stealth).
 46477 | Snake:4  | 46477 ||| Stepping ~*~*~tactically~*~*~ (stealth).
 46608 | Snake:4  | 46608 ||| Stepping ~*~*~tactically~*~*~ (stealth).
 46609 | Snake:4  | 46609 ||| Stepping ~*~*~tactically~*~*~ (stealth).
 46623 | Snake:4  | 46623 ||| INVOKING Berserk.
 46632 | Snake:4  | 46632 ||| INVOKING Brothers in Arms.
 46799 | Snake:4  | Found Cueth's Antique Weapon Boutique.
 46801 | Snake:4  | 46801 ||| Stepping ~*~*~tactically~*~*~ (stealth).
 47009 | Snake:4  | 47009 ||| Stepping ~*~*~tactically~*~*~ (stealth).
 47010 | Snake:4  | 47010 ||| Stepping ~*~*~tactically~*~*~ (stealth).
 47015 | Snake:4  | 47015 ||| Stepping ~*~*~tactically~*~*~ (hiding).
 47018 | Snake:4  | 47018 ||| Stepping ~*~*~tactically~*~*~ (hiding).
 47027 | Snake:4  | Received a gift from Trog
 47062 | Snake:4  | 47062 ||| Stepping ~*~*~tactically~*~*~ (hiding).
 47091 | Snake:4  | 47091 ||| Stepping ~*~*~tactically~*~*~ (stealth).
 47096 | Snake:4  | Noticed Nikola
 47113 | Snake:4  | 47113 ||| INVOKING Berserk.
 47117 | Snake:4  | Killed Nikola
 47124 | Snake:4  | 47124 ||| INVOKING Brothers in Arms.
 47132 | Snake:4  | 47132 ||| FLEEEEING.
 47133 | Snake:4  | 47133 ||| FLEEEEING.
 47134 | Snake:4  | 47134 ||| FLEEEEING.
 47135 | Snake:4  | 47135 ||| FLEEEEING.
 47259 | Snake:4  | Got a serpentine rune of Zot
 47367 | Snake:4  | 47367 ||| PLANNING DEPTHS
 47367 | Snake:4  | 47367 ||| DROPPING +1 kite shield of protection.
 47368 | Snake:4  | 47368 ||| UPGRADING to +6 chain mail "Doaghe Mane" {Dex+4}.
 47378 | Snake:4  | 47378 ||| UPGRADING to +2 kite shield of protection.
 47388 | Snake:4  | 47388 ||| DROPPING +0 buckler "Vifomyme" {rF+ rC+ Int+4
                  | Dex-5}.
 47389 | Snake:4  | 47389 ||| DROPPING ring of poison resistance.
 47390 | Snake:4  | 47390 ||| UPGRADING to ring of protection from fire.
 47392 | Snake:4  | 47392 ||| DROPPING ring of poison resistance.
 47393 | Snake:4  | 47393 ||| UPGRADING to +4 ring of protection.
 47395 | Snake:4  | 47395 ||| DROPPING +6 ring of dexterity.
 47648 | Depths:1 | Entered Level 1 of the Depths
 47670 | Depths:1 | 47670 ||| Stepping ~*~*~tactically~*~*~ (hiding).
 47673 | Depths:1 | 47673 ||| Stepping ~*~*~tactically~*~*~ (hiding).
 47674 | Depths:1 | 47674 ||| Stepping ~*~*~tactically~*~*~ (hiding).
 47869 | Depths:1 | Identified the +7 chain mail of the Nexus {+Inv}
 47897 | Depths:1 | 47897 ||| INVOKING Brothers in Arms.
 47899 | Depths:1 | Found a gateway to Hell.
 47900 | Depths:1 | 47900 ||| INVOKING Berserk.
 47931 | Depths:1 | 47931 ||| INVOKING Brothers in Arms.
 48194 | Depths:1 | Identified the +9 lajatang of Okawaru's Delight {venom,
                  | rPois}
 48236 | Depths:1 | Found Yczou's Antique Armour Shoppe.
 48258 | Depths:1 | 48258 ||| BUYING embroidered cloak (240 gold).
 48258 | Depths:1 | Bought an embroidered cloak for 240 gold pieces
 48258 | Depths:1 | 48258 ||| BUYING pair of runed boots (240 gold).
 48258 | Depths:1 | Bought a pair of runed boots for 240 gold pieces
 48287 | Depths:1 | 48287 ||| Stepping ~*~*~tactically~*~*~ (stealth).
 48291 | Depths:1 | 48291 ||| Stepping ~*~*~tactically~*~*~ (hiding).
 48303 | Depths:1 | 48303 ||| Stepping ~*~*~tactically~*~*~ (hiding).
 48308 | Depths:1 | 48308 ||| Stepping ~*~*~tactically~*~*~ (hiding).
 48312 | Depths:1 | 48312 ||| INVOKING Brothers in Arms.
 48314 | Depths:1 | 48314 ||| INVOKING Berserk.
 48481 | Depths:1 | 48481 ||| Stepping ~*~*~tactically~*~*~ (stealth).
 48749 | Depths:1 | Found a one-way gate leading to the halls of Pandemonium.
 48750 | Depths:1 | Found a one-way gate to the infinite horrors of the Abyss.
 48840 | Depths:1 | 48840 ||| Stepping ~*~*~tactically~*~*~ (stealth).
 48852 | Depths:1 | 48852 ||| INVOKING Brothers in Arms.
 48874 | Depths:1 | 48874 ||| ZAPPING wand of digging (13).
 48879 | Depths:1 | 48879 ||| INVOKING Trog's Hand.
 48879 | Depths:1 | Gained mutation: You have hidden genetic defects. [a
                  | shining eye]
 48883 | Depths:1 | 48883 ||| ZAPPING wand of digging (12).
 48896 | Depths:1 | Reached skill level 18 in Shields
 48913 | Depths:1 | 48913 ||| INVOKING Trog's Hand.
 48939 | Depths:1 | 48939 ||| INVOKING Trog's Hand.
 48941 | Depths:1 | Paralysed by a floating eye for 2 turns
 48945 | Depths:1 | 48945 ||| ZAPPING wand of digging (11).
 49021 | Depths:1 | 49021 ||| DROPPING +7 chain mail of the Nexus {+Inv}.
 49022 | Depths:1 | 49022 ||| DROPPING +1 pair of boots of rampaging.
 49023 | Depths:1 | 49023 ||| DROPPING ring of resist corrosion.
 49081 | Depths:2 | 49081 ||| INVOKING Brothers in Arms.
 49088 | Depths:2 | 49088 ||| INVOKING Berserk.
 49225 | Depths:2 | 49225 ||| Stepping ~*~*~tactically~*~*~ (stealth).
 49227 | Depths:2 | 49227 ||| Stepping ~*~*~tactically~*~*~ (hiding).
 49265 | Depths:2 | 49265 ||| Stepping ~*~*~tactically~*~*~ (stealth).
 49268 | Depths:2 | 49268 ||| INVOKING Berserk.
 49392 | Depths:2 | 49392 ||| Stepping ~*~*~tactically~*~*~ (hiding).
 49394 | Depths:2 | 49394 ||| Stepping ~*~*~tactically~*~*~ (hiding).
 49407 | Depths:2 | 49407 ||| INVOKING Berserk.
 49411 | Depths:2 | Gained mutation: You occasionally lose the ability to read
                  | scrolls when taking damage. [hidden defects]
 49510 | Depths:2 | 49510 ||| DRINKING 8 potions of mutation.
 49510 | Depths:2 | Lost mutation: You have hidden genetic defects. [potion of
                  | mutation]
 49510 | Depths:2 | Lost mutation: You occasionally lose the ability to read
                  | scrolls when taking damage. [potion of mutation]
 49510 | Depths:2 | Gained mutation: Armour fits poorly on your strangely
                  | shaped body. [potion of mutation]
 49510 | Depths:2 | Gained mutation: You occasionally shout uncontrollably at
                  | your foes. [potion of mutation]
 49510 | Depths:2 | Gained mutation: Your spells are a little harder to cast,
                  | but a little more powerful. [potion of mutation]
 49510 | Depths:2 | Gained mutation: You are agile. (Dex +4, Str/Int -1)
                  | [potion of mutation]
 49511 | Depths:2 | 49511 ||| DRINKING 7 potions of mutation.
 49511 | Depths:2 | Lost mutation: You occasionally shout uncontrollably at
                  | your foes. [potion of mutation]
 49511 | Depths:2 | Lost mutation: You are agile. (Dex +4, Str/Int -1) [potion
                  | of mutation]
 49511 | Depths:2 | Lost mutation: Your spells are a little harder to cast, but
                  | a little more powerful. [potion of mutation]
 49511 | Depths:2 | Gained mutation: You are agile. (Dex +4, Str/Int -1)
                  | [potion of mutation]
 49511 | Depths:2 | Gained mutation: You passively dampen the noise of your
                  | surroundings. [potion of mutation]
 49512 | Depths:2 | 49512 ||| DRINKING 6 potions of mutation.
 49512 | Depths:2 | Lost mutation: Armour fits poorly on your strangely shaped
                  | body. [potion of mutation]
 49512 | Depths:2 | Lost mutation: You are agile. (Dex +4, Str/Int -1) [potion
                  | of mutation]
 49512 | Depths:2 | Gained mutation: Armour fits poorly on your strangely
                  | shaped body. [potion of mutation]
 49512 | Depths:2 | Gained mutation: Your spells are a little harder to cast,
                  | but a little more powerful. [potion of mutation]
 49512 | Depths:2 | Gained mutation: You have hidden genetic potential. [potion
                  | of mutation]
 49513 | Depths:2 | 49513 ||| DRINKING 5 potions of mutation.
 49513 | Depths:2 | Lost mutation: Armour fits poorly on your strangely shaped
                  | body. [potion of mutation]
 49513 | Depths:2 | Lost mutation: You passively dampen the noise of your
                  | surroundings. [potion of mutation]
 49513 | Depths:2 | Gained mutation: You do not regenerate when monsters are
                  | visible. [potion of mutation]
 49513 | Depths:2 | Gained mutation: You are occasionally teleported next to
                  | monsters. [potion of mutation]
 49513 | Depths:2 | Gained mutation: You are partially covered in iridescent
                  | scales. (AC +2) [potion of mutation]
 49514 | Depths:2 | 49514 ||| DRINKING 4 potions of mutation.
 49514 | Depths:2 | Lost mutation: You have hidden genetic potential. [potion
                  | of mutation]
 49514 | Depths:2 | Lost mutation: Your spells are a little harder to cast, but
                  | a little more powerful. [potion of mutation]
 49514 | Depths:2 | Lost mutation: You do not regenerate when monsters are
                  | visible. [potion of mutation]
 49514 | Depths:2 | Lost mutation: You are occasionally teleported next to
                  | monsters. [potion of mutation]
 49514 | Depths:2 | Gained mutation: Armour fits poorly on your strangely
                  | shaped body. [potion of mutation]
 49515 | Depths:2 | 49515 ||| DRINKING 3 potions of mutation.
 49515 | Depths:2 | Lost mutation: You are partially covered in iridescent
                  | scales. (AC +2) [potion of mutation]
 49515 | Depths:2 | Lost mutation: Armour fits poorly on your strangely shaped
                  | body. [potion of mutation]
 49515 | Depths:2 | Gained mutation: Your flesh is cold resistant. (rC+)
                  | [potion of mutation]
 49515 | Depths:2 | Gained mutation: You are strong-willed. (Will+) [potion of
                  | mutation]
 49611 | Depths:2 | Reached XP level 21. HP: 210/222 MP: 20/20
 49612 | Depths:2 | 49612 ||| INVOKING Trog's Hand.
 49616 | Depths:2 | 49616 ||| INVOKING Berserk.
 49652 | Depths:2 | 49652 ||| Stepping ~*~*~tactically~*~*~ (stealth).
 49653 | Depths:2 | 49653 ||| INVOKING Trog's Hand.
 49709 | Depths:2 | Identified the ring "Ineeprir" {rF+ Dex+3}
 49710 | Depths:2 | 49710 ||| Stepping ~*~*~tactically~*~*~ (hiding).
 49727 | Depths:2 | Identified the +3 falchion of Huxzok {flame, *Corrode rC++}
 49766 | Depths:2 | 49766 ||| Stepping ~*~*~tactically~*~*~ (hiding).
 49768 | Depths:2 | 49768 ||| Stepping ~*~*~tactically~*~*~ (hiding).
 49769 | Depths:2 | 49769 ||| INVOKING Trog's Hand.
 49770 | Depths:2 | 49770 ||| Stepping ~*~*~tactically~*~*~ (hiding).
 49878 | Depths:2 | 49878 ||| INVOKING Trog's Hand.
 49880 | Depths:2 | 49880 ||| INVOKING Berserk.
 50070 | Depths:2 | Noticed a caustic shrike
 50071 | Depths:2 | 50071 ||| INVOKING Trog's Hand.
 50072 | Depths:2 | 50072 ||| INVOKING Berserk.
 50076 | Depths:2 | Killed a caustic shrike
 50084 | Depths:2 | 50084 ||| Stepping ~*~*~tactically~*~*~ (stealth).
 50085 | Depths:2 | Noticed a caustic shrike
 50085 | Depths:2 | 50085 ||| Stepping ~*~*~tactically~*~*~ (stealth).
 50103 | Depths:2 | 50103 ||| Stepping ~*~*~tactically~*~*~ (stealth).
 50106 | Depths:2 | 50106 ||| Stepping ~*~*~tactically~*~*~ (stealth).
 50107 | Depths:2 | 50107 ||| Stepping ~*~*~tactically~*~*~ (stealth).
 50117 | Depths:2 | 50117 ||| INVOKING Berserk.
 50119 | Depths:2 | Killed a caustic shrike
 50255 | Depths:2 | Found a one-way gateway to a ziggurat.
 50350 | Depths:2 | 50350 ||| Stepping ~*~*~tactically~*~*~ (stealth).
 50352 | Depths:2 | 50352 ||| Stepping ~*~*~tactically~*~*~ (hiding).
 50511 | Depths:2 | 50511 ||| FLEEEEING.
 50517 | Depths:2 | 50517 ||| FLEEEEING.
 50518 | Depths:2 | 50518 ||| FLEEEEING.
 50519 | Depths:2 | 50519 ||| FLEEEEING.
 50522 | Depths:2 | 50522 ||| FLEEEEING.
 50523 | Depths:2 | 50523 ||| FLEEEEING.
 50525 | Depths:2 | 50525 ||| FLEEEEING.
 50526 | Depths:2 | 50526 ||| FLEEEEING.
 50527 | Depths:2 | 50527 ||| STAIRDANCE
 50629 | Depths:1 | 50629 ||| DROPPING +2 pair of boots.
 50630 | Depths:1 | 50630 ||| DROPPING ring of protection from fire.
 50633 | Depths:2 | 50633 ||| Stepping ~*~*~tactically~*~*~ (hiding).
 50634 | Depths:2 | 50634 ||| Stepping ~*~*~tactically~*~*~ (hiding).
 50637 | Depths:2 | 50637 ||| Stepping ~*~*~tactically~*~*~ (hiding).
 50638 | Depths:2 | 50638 ||| Stepping ~*~*~tactically~*~*~ (hiding).
 50639 | Depths:2 | 50639 ||| Stepping ~*~*~tactically~*~*~ (hiding).
 50640 | Depths:2 | 50640 ||| Stepping ~*~*~tactically~*~*~ (hiding).
 50641 | Depths:2 | 50641 ||| Stepping ~*~*~tactically~*~*~ (hiding).
 50642 | Depths:2 | 50642 ||| Stepping ~*~*~tactically~*~*~ (hiding).
 50652 | Depths:2 | 50652 ||| Stepping ~*~*~tactically~*~*~ (hiding).
 50653 | Depths:2 | 50653 ||| Stepping ~*~*~tactically~*~*~ (hiding).
 50654 | Depths:2 | 50654 ||| Stepping ~*~*~tactically~*~*~ (hiding).
 50656 | Depths:2 | 50656 ||| Stepping ~*~*~tactically~*~*~ (stealth).
 50657 | Depths:2 | 50657 ||| INVOKING Trog's Hand.
 50665 | Depths:2 | 50665 ||| INVOKING Brothers in Arms.
 50671 | Depths:2 | 50671 ||| INVOKING Berserk.
 50713 | Depths:2 | 50713 ||| Stepping ~*~*~tactically~*~*~ (stealth).
 50719 | Depths:2 | 50719 ||| Stepping ~*~*~tactically~*~*~ (hiding).
 50724 | Depths:2 | 50724 ||| INVOKING Trog's Hand.
 50725 | Depths:2 | 50725 ||| INVOKING Berserk.
 50748 | Depths:2 | 50748 ||| Stepping ~*~*~tactically~*~*~ (stealth).
 50749 | Depths:2 | 50749 ||| Stepping ~*~*~tactically~*~*~ (stealth).
 50752 | Depths:2 | 50752 ||| Stepping ~*~*~tactically~*~*~ (stealth).
 50757 | Depths:2 | 50757 ||| Stepping ~*~*~tactically~*~*~ (stealth).
 50761 | Depths:2 | 50761 ||| Stepping ~*~*~tactically~*~*~ (stealth).
 50763 | Depths:2 | 50763 ||| Stepping ~*~*~tactically~*~*~ (stealth).
 50764 | Depths:2 | 50764 ||| Stepping ~*~*~tactically~*~*~ (stealth).
 50765 | Depths:2 | 50765 ||| Stepping ~*~*~tactically~*~*~ (stealth).
 50766 | Depths:2 | 50766 ||| Stepping ~*~*~tactically~*~*~ (stealth).
 50767 | Depths:2 | 50767 ||| Stepping ~*~*~tactically~*~*~ (stealth).
 50857 | Depths:2 | 50857 ||| Stepping ~*~*~tactically~*~*~ (stealth).
 50878 | Depths:2 | 50878 ||| Stepping ~*~*~tactically~*~*~ (hiding).
 50879 | Depths:2 | 50879 ||| Stepping ~*~*~tactically~*~*~ (hiding).
 50923 | Depths:2 | 50923 ||| Stepping ~*~*~tactically~*~*~ (stealth).
 50931 | Depths:2 | 50931 ||| Stepping ~*~*~tactically~*~*~ (hiding).
 50980 | Depths:2 | 50980 ||| Stepping ~*~*~tactically~*~*~ (stealth).
 51014 | Depths:2 | 51014 ||| INVOKING Berserk.
 51131 | Depths:2 | 51131 ||| Stepping ~*~*~tactically~*~*~ (stealth).
 51132 | Depths:2 | 51132 ||| Stepping ~*~*~tactically~*~*~ (stealth).
 51135 | Depths:2 | 51135 ||| INVOKING Berserk.
 51145 | Depths:2 | 51145 ||| Stepping ~*~*~tactically~*~*~ (stealth).
 51162 | Depths:2 | Noticed an ancient lich
 51163 | Depths:2 | 51163 ||| Stepping ~*~*~tactically~*~*~ (stealth).
 51166 | Depths:2 | 51166 ||| Stepping ~*~*~tactically~*~*~ (stealth).
 51167 | Depths:2 | 51167 ||| Stepping ~*~*~tactically~*~*~ (stealth).
 51168 | Depths:2 | 51168 ||| Stepping ~*~*~tactically~*~*~ (stealth).
 51171 | Depths:2 | 51171 ||| INVOKING Trog's Hand.
 51181 | Depths:2 | Killed an ancient lich
 51320 | Depths:2 | Noticed a golden dragon
 51322 | Depths:2 | 51322 ||| Stepping ~*~*~tactically~*~*~ (cloud).
 51327 | Depths:2 | 51327 ||| INVOKING Berserk.
 51330 | Depths:2 | Killed a golden dragon
 51340 | Depths:2 | Reached skill level 15 in Dodging
 51590 | Depths:2 | 51590 ||| UPGRADING to +0 gold dragon scales.
 51600 | Depths:2 | 51600 ||| READING 9 scrolls of enchant armour.
 51600 | Depths:2 | 51600 ||| ENCHANTING +0 gold dragon scales.
 51601 | Depths:2 | 51601 ||| READING 8 scrolls of enchant armour.
 51601 | Depths:2 | 51601 ||| ENCHANTING +1 gold dragon scales.
 51602 | Depths:2 | 51602 ||| DROPPING +6 chain mail "Doaghe Mane" {Dex+4}.
 51603 | Depths:2 | 51603 ||| READING 7 scrolls of enchant armour.
 51603 | Depths:2 | 51603 ||| ENCHANTING +2 gold dragon scales.
 51604 | Depths:2 | 51604 ||| DROPPING +3 chain mail of the Harvest {rPois rF++
                  | Regen+ Int-5}.
 51605 | Depths:2 | 51605 ||| READING 6 scrolls of enchant armour.
 51605 | Depths:2 | 51605 ||| ENCHANTING +3 gold dragon scales.
 51606 | Depths:2 | 51606 ||| READING 5 scrolls of enchant armour.
 51606 | Depths:2 | 51606 ||| ENCHANTING +4 gold dragon scales.
 51607 | Depths:2 | 51607 ||| READING 4 scrolls of enchant armour.
 51607 | Depths:2 | 51607 ||| ENCHANTING +5 gold dragon scales.
 51608 | Depths:2 | 51608 ||| READING 3 scrolls of enchant armour.
 51608 | Depths:2 | 51608 ||| ENCHANTING +6 gold dragon scales.
 51609 | Depths:2 | 51609 ||| READING 2 scrolls of enchant armour.
 51609 | Depths:2 | 51609 ||| ENCHANTING +7 gold dragon scales.
 51610 | Depths:2 | 51610 ||| READING scroll of enchant armour.
 51610 | Depths:2 | 51610 ||| ENCHANTING +8 gold dragon scales.
 51660 | Depths:3 | Found a shadowy altar of Dithmenos.
 51698 | Depths:3 | 51698 ||| Stepping ~*~*~tactically~*~*~ (hiding).
 51700 | Depths:3 | 51700 ||| Stepping ~*~*~tactically~*~*~ (hiding).
 51701 | Depths:3 | 51701 ||| Stepping ~*~*~tactically~*~*~ (hiding).
 51703 | Depths:3 | 51703 ||| Stepping ~*~*~tactically~*~*~ (hiding).
 51706 | Depths:3 | 51706 ||| INVOKING Berserk.
 51760 | Depths:3 | Noticed a golden dragon
 51761 | Depths:3 | 51761 ||| Stepping ~*~*~tactically~*~*~ (stealth).
 51763 | Depths:3 | 51763 ||| INVOKING Berserk.
 51767 | Depths:3 | Killed a golden dragon
 51773 | Depths:3 | 51773 ||| Stepping ~*~*~tactically~*~*~ (hiding).
 51830 | Depths:3 | 51830 ||| INVOKING Berserk.
 51850 | Depths:3 | 51850 ||| INVOKING Trog's Hand.
 51980 | Depths:3 | 51980 ||| READING scroll of enchant armour.
 51980 | Depths:3 | 51980 ||| ENCHANTING +9 gold dragon scales.
 51992 | Depths:3 | 51992 ||| Stepping ~*~*~tactically~*~*~ (hiding).
 51995 | Depths:3 | 51995 ||| DRINKING 3 potions of resistance.
 52065 | Depths:3 | 52065 ||| Stepping ~*~*~tactically~*~*~ (stealth).
 52085 | Depths:3 | 52085 ||| Stepping ~*~*~tactically~*~*~ (hiding).
 52093 | Depths:3 | 52093 ||| INVOKING Brothers in Arms.
 52111 | Depths:3 | 52111 ||| INVOKING Brothers in Arms.
 52113 | Depths:3 | 52113 ||| INVOKING Berserk.
 52184 | Depths:3 | Noticed a juggernaut
 52185 | Depths:3 | 52185 ||| Stepping ~*~*~tactically~*~*~ (hiding).
 52187 | Depths:3 | 52187 ||| INVOKING Berserk.
 52192 | Depths:3 | Killed a juggernaut
 52216 | Depths:3 | 52216 ||| Stepping ~*~*~tactically~*~*~ (stealth).
 52303 | Depths:3 | 52303 ||| Stepping ~*~*~tactically~*~*~ (stealth).
 52327 | Depths:3 | 52327 ||| FLEEEEING.
 52328 | Depths:3 | 52328 ||| FLEEEEING.
 52405 | Depths:3 | Noticed a juggernaut
 52408 | Depths:3 | 52408 ||| INVOKING Trog's Hand.
 52408 | Depths:3 | Noticed a caustic shrike
 52409 | Depths:3 | 52409 ||| INVOKING Berserk.
 52415 | Depths:3 | Killed a juggernaut
 52435 | Depths:3 | Killed a caustic shrike
 52567 | Depths:3 | 52567 ||| READING 23 scrolls of teleportation.
 52585 | Depths:3 | Identified the +3 spear "Ewomeose" {holy, rF+ Will+}
 52608 | Depths:3 | 52608 ||| Stepping ~*~*~tactically~*~*~ (stealth).
 52612 | Depths:3 | 52612 ||| INVOKING Berserk.
 52754 | Depths:3 | Reached XP level 22. HP: 219/231 MP: 21/21
 52792 | Depths:3 | Found a corrupted altar of Lugonu.
 52919 | Depths:3 | Identified the +0 battleaxe of Ewif {vorpal, rF+ Stlth+}
 52988 | Depths:3 | 52988 ||| Stepping ~*~*~tactically~*~*~ (stealth).
 53131 | Depths:3 | 53131 ||| Stepping ~*~*~tactically~*~*~ (stealth).
 53133 | Depths:3 | 53133 ||| Stepping ~*~*~tactically~*~*~ (hiding).
 53139 | Depths:3 | 53139 ||| Stepping ~*~*~tactically~*~*~ (hiding).
 53142 | Depths:3 | 53142 ||| Stepping ~*~*~tactically~*~*~ (hiding).
 53144 | Depths:3 | 53144 ||| INVOKING Trog's Hand.
 53146 | Depths:3 | 53146 ||| INVOKING Brothers in Arms.
 53147 | Depths:3 | 53147 ||| INVOKING Berserk.
 53377 | Depths:3 | 53377 ||| READING scroll of enchant armour.
 53377 | Depths:3 | 53377 ||| ENCHANTING +10 gold dragon scales.
 53383 | Depths:3 | 53383 ||| Stepping ~*~*~tactically~*~*~ (stealth).
 53386 | Depths:3 | 53386 ||| INVOKING Berserk.
 53795 | Depths:3 | 53795 ||| Stepping ~*~*~tactically~*~*~ (hiding).
 53834 | Depths:3 | 53834 ||| INVOKING Berserk.
 54186 | Depths:4 | Entered Level 4 of the Depths
 54188 | Depths:4 | 54188 ||| Stepping ~*~*~tactically~*~*~ (hiding).
 54202 | Depths:4 | Reached skill level 9 in Throwing
 54232 | Depths:4 | 54232 ||| FLEEEEING.
 54233 | Depths:4 | 54233 ||| STAIRDANCE
 54313 | Depths:4 | 54313 ||| STAIRDANCE
 54327 | Depths:4 | 54327 ||| Stepping ~*~*~tactically~*~*~ (hiding).
 54328 | Depths:4 | 54328 ||| Stepping ~*~*~tactically~*~*~ (hiding).
 54332 | Depths:4 | 54332 ||| INVOKING Brothers in Arms.
 54337 | Depths:4 | 54337 ||| INVOKING Berserk.
 54527 | Depths:4 | Found a gate to the Realm of Zot.
 54609 | Depths:4 | 54609 ||| INVOKING Berserk.
 54667 | Depths:4 | 54667 ||| READING 24 scrolls of teleportation.
 54708 | Depths:4 | 54708 ||| INVOKING Berserk.
 54813 | Depths:4 | Identified the +1 leather armour "Qaptomed" {Will++ Str+2
                  | Slay+3 Stlth-}
 54889 | Depths:4 | 54889 ||| INVOKING Berserk.
 54914 | Depths:4 | 54914 ||| INVOKING Trog's Hand.
 55136 | Depths:4 | Found a sparkling altar of Nemelex Xobeh.
 55196 | Depths:4 | 55196 ||| Stepping ~*~*~tactically~*~*~ (hiding).
 55287 | Depths:4 | 55287 ||| INVOKING Brothers in Arms.
 55354 | Depths:4 | Found Zuntuit's Assorted Antiques.
 55364 | Depths:4 | 55364 ||| BUYING 2 potions of cancellation (512 gold).
 55364 | Depths:4 | Bought 2 potions of cancellation for 512 gold pieces
 55364 | Depths:4 | 55364 ||| BUYING 2 potions of haste (640 gold).
 55364 | Depths:4 | Bought 2 potions of haste for 640 gold pieces
 55364 | Depths:4 | 55364 ||| SHOPLISTING scroll of enchant weapon (240 gold,
                  | have 56).
 55364 | Depths:4 | 55364 ||| SHOPLISTING scroll of teleportation (96 gold,
                  | have 56).
 55405 | Depths:4 | 55405 ||| READING 23 scrolls of teleportation.
 55410 | Depths:4 | 55410 ||| READING 22 scrolls of teleportation.
 55413 | Depths:4 | 55413 ||| READING 21 scrolls of teleportation.
 55447 | Depths:4 | 55447 ||| READING 20 scrolls of teleportation.
 55471 | Depths:4 | 55471 ||| READING 19 scrolls of teleportation.
 55496 | Depths:4 | 55496 ||| READING 18 scrolls of teleportation.
 55542 | Depths:4 | 55542 ||| READING 17 scrolls of teleportation.
 55561 | Depths:4 | 55561 ||| READING 16 scrolls of teleportation.
 55589 | Depths:4 | 55589 ||| READING 15 scrolls of teleportation.
 55628 | Depths:4 | 55628 ||| READING 14 scrolls of teleportation.
 55637 | Depths:4 | Reached skill level 12 in Throwing
 55808 | Depths:4 | 55808 ||| PLANNING VAULTS:5
 56066 | Vaults:5 | Entered Level 5 of the Vaults
 56068 | Vaults:5 | 56068 ||| STAIRDANCE
 56080 | Vaults:5 | 56080 ||| STAIRDANCE
 56262 | Vaults:5 | 56262 ||| STAIRDANCE
 56425 | Vaults:4 | 56425 ||| UPGRADING to +0 tower shield.
 56435 | Vaults:4 | 56435 ||| DROPPING +2 kite shield of protection.
 56439 | Vaults:5 | 56439 ||| INVOKING Trog's Hand.
 56440 | Vaults:5 | 56440 ||| INVOKING Brothers in Arms.
 56441 | Vaults:5 | 56441 ||| INVOKING Berserk.
 56472 | Vaults:5 | Noticed a dread lich
 56473 | Vaults:5 | 56473 ||| INVOKING Brothers in Arms.
 56476 | Vaults:5 | 56476 ||| INVOKING Trog's Hand.
 56477 | Vaults:5 | HP: 49/231 [tengu reaver/+0 war axe (11)]
 56478 | Vaults:5 | 56478 ||| READING 13 scrolls of teleportation.
 56479 | Vaults:5 | 56479 ||| DRINKING 4 potions of heal wounds.
 56481 | Vaults:5 | 56481 ||| READING 12 scrolls of teleportation.
 56486 | Vaults:5 | 56486 ||| Stepping ~*~*~tactically~*~*~ (hiding).
 56493 | Vaults:5 | 56493 ||| INVOKING Berserk.
 56516 | Vaults:5 | 56516 ||| Stepping ~*~*~tactically~*~*~ (hiding).
 56520 | Vaults:5 | 56520 ||| INVOKING Trog's Hand.
 56524 | Vaults:5 | Reached skill level 21 in Shields
 56524 | Vaults:5 | 56524 ||| Stepping ~*~*~tactically~*~*~ (stealth).
 56547 | Vaults:5 | 56547 ||| Stepping ~*~*~tactically~*~*~ (stealth).
 56592 | Vaults:5 | 56592 ||| INVOKING Trog's Hand.
 56650 | Vaults:5 | Noticed an ancient lich
 56651 | Vaults:5 | 56651 ||| Stepping ~*~*~tactically~*~*~ (stealth).
 56656 | Vaults:5 | 56656 ||| Stepping ~*~*~tactically~*~*~ (stealth).
 56763 | Vaults:5 | 56763 ||| READING scroll of acquirement.
 56763 | Vaults:5 | 56763 ||| ACQUIRING 684 gold pieces
 56763 | Vaults:5 | Acquired 684 gold pieces
 56784 | Vaults:5 | 56784 ||| INVOKING Trog's Hand.
 56788 | Vaults:5 | 56788 ||| INVOKING Berserk.
 56792 | Vaults:5 | Killed an ancient lich
 56809 | Vaults:5 | Reached XP level 23. HP: 223/238 MP: 22/22
 56861 | Vaults:5 | 56861 ||| Stepping ~*~*~tactically~*~*~ (hiding).
 56865 | Vaults:5 | 56865 ||| INVOKING Berserk.
 56939 | Vaults:5 | 56939 ||| FLEEEEING.
 57020 | Vaults:5 | 57020 ||| Stepping ~*~*~tactically~*~*~ (stealth).
 57021 | Vaults:5 | 57021 ||| Stepping ~*~*~tactically~*~*~ (stealth).
 57027 | Vaults:5 | 57027 ||| INVOKING Berserk.
 57031 | Vaults:5 | Reached skill level 24 in Armour
 57134 | Vaults:5 | 57134 ||| Stepping ~*~*~tactically~*~*~ (stealth).
 57136 | Vaults:5 | 57136 ||| Stepping ~*~*~tactically~*~*~ (hiding).
 57140 | Vaults:5 | 57140 ||| INVOKING Berserk.
 57180 | Vaults:5 | Identified the ring "Hetotyow" {Ice MP+9 Int+3}
 57181 | Vaults:5 | 57181 ||| Stepping ~*~*~tactically~*~*~ (stealth).
 57206 | Vaults:5 | 57206 ||| INVOKING Berserk.
 57225 | Vaults:5 | 57225 ||| Stepping ~*~*~tactically~*~*~ (stealth).
 57226 | Vaults:5 | 57226 ||| Stepping ~*~*~tactically~*~*~ (stealth).
 57264 | Vaults:5 | 57264 ||| INVOKING Berserk.
 57388 | Vaults:5 | 57388 ||| Stepping ~*~*~tactically~*~*~ (stealth).
 57389 | Vaults:5 | 57389 ||| Stepping ~*~*~tactically~*~*~ (stealth).
 57390 | Vaults:5 | 57390 ||| Stepping ~*~*~tactically~*~*~ (stealth).
 57392 | Vaults:5 | 57392 ||| Stepping ~*~*~tactically~*~*~ (hiding).
 57396 | Vaults:5 | 57396 ||| INVOKING Berserk.
 57520 | Vaults:5 | 57520 ||| Stepping ~*~*~tactically~*~*~ (stealth).
 57548 | Vaults:5 | 57548 ||| Stepping ~*~*~tactically~*~*~ (hiding).
 57549 | Vaults:5 | 57549 ||| INVOKING Berserk.
 57558 | Vaults:5 | 57558 ||| FLEEEEING.
 57559 | Vaults:5 | 57559 ||| FLEEEEING.
 57560 | Vaults:5 | 57560 ||| FLEEEEING.
 57639 | Vaults:5 | 57639 ||| INVOKING Trog's Hand.
 57659 | Vaults:5 | 57659 ||| INVOKING Berserk.
 57668 | Vaults:5 | Identified the +11 war axe "Hiow Tut" {flame, rElec rN+
                  | Dex-5}
 57678 | Vaults:5 | 57678 ||| INVOKING Trog's Hand.
 57687 | Vaults:5 | 57687 ||| Stepping ~*~*~tactically~*~*~ (hiding).
 57695 | Vaults:5 | Killed a dread lich
 57701 | Vaults:5 | 57701 ||| INVOKING Trog's Hand.
 57702 | Vaults:5 | 57702 ||| INVOKING Berserk.
 57753 | Vaults:5 | 57753 ||| Stepping ~*~*~tactically~*~*~ (stealth).
 57791 | Vaults:5 | 57791 ||| INVOKING Trog's Hand.
 57796 | Vaults:5 | 57796 ||| FLEEEEING.
 57797 | Vaults:5 | 57797 ||| FLEEEEING.
 57798 | Vaults:5 | 57798 ||| FLEEEEING.
 57804 | Vaults:5 | 57804 ||| FLEEEEING.
 57805 | Vaults:5 | 57805 ||| FLEEEEING.
 57810 | Vaults:5 | 57810 ||| FLEEEEING.
 57811 | Vaults:5 | 57811 ||| FLEEEEING.
 57812 | Vaults:5 | 57812 ||| FLEEEEING.
 57813 | Vaults:5 | 57813 ||| FLEEEEING.
 57814 | Vaults:5 | 57814 ||| FLEEEEING.
 57815 | Vaults:5 | 57815 ||| FLEEEEING.
 57816 | Vaults:5 | 57816 ||| FLEEEEING.
 57844 | Vaults:5 | 57844 ||| Stepping ~*~*~tactically~*~*~ (stealth).
 57892 | Vaults:5 | 57892 ||| Stepping ~*~*~tactically~*~*~ (hiding).
 57905 | Vaults:5 | 57905 ||| Stepping ~*~*~tactically~*~*~ (hiding).
 57906 | Vaults:5 | 57906 ||| Stepping ~*~*~tactically~*~*~ (hiding).
 57919 | Vaults:5 | 57919 ||| Stepping ~*~*~tactically~*~*~ (hiding).
 58051 | Vaults:5 | 58051 ||| Stepping ~*~*~tactically~*~*~ (hiding).
 58053 | Vaults:5 | 58053 ||| Stepping ~*~*~tactically~*~*~ (hiding).
 58055 | Vaults:5 | 58055 ||| Stepping ~*~*~tactically~*~*~ (hiding).
 58170 | Vaults:5 | 58170 ||| INVOKING Trog's Hand.
 58182 | Vaults:5 | Noticed Mennas
 58188 | Vaults:5 | 58188 ||| INVOKING Trog's Hand.
 58192 | Vaults:5 | 58192 ||| INVOKING Berserk.
 58204 | Vaults:5 | Killed Mennas
 58216 | Vaults:5 | 58216 ||| FLEEEEING.
 58223 | Vaults:5 | 58223 ||| STAIRDANCE
 58376 | Vaults:5 | 58376 ||| INVOKING Berserk.
 58504 | Vaults:5 | Noticed an ancient lich
 58505 | Vaults:5 | 58505 ||| Stepping ~*~*~tactically~*~*~ (hiding).
 58506 | Vaults:5 | 58506 ||| Stepping ~*~*~tactically~*~*~ (hiding).
 58512 | Vaults:5 | 58512 ||| INVOKING Trog's Hand.
 58513 | Vaults:5 | 58513 ||| INVOKING Berserk.
 58516 | Vaults:5 | Killed an ancient lich
 58523 | Vaults:5 | 58523 ||| Stepping ~*~*~tactically~*~*~ (stealth).
 58541 | Vaults:5 | 58541 ||| Stepping ~*~*~tactically~*~*~ (stealth).
 58546 | Vaults:5 | 58546 ||| Stepping ~*~*~tactically~*~*~ (stealth).
 58548 | Vaults:5 | 58548 ||| Stepping ~*~*~tactically~*~*~ (stealth).
 58552 | Vaults:5 | 58552 ||| FLEEEEING.
 58564 | Vaults:5 | Noticed an ancient lich
 58565 | Vaults:5 | 58565 ||| Stepping ~*~*~tactically~*~*~ (hiding).
 58572 | Vaults:5 | 58572 ||| INVOKING Trog's Hand.
 58575 | Vaults:5 | 58575 ||| INVOKING Berserk.
 58581 | Vaults:5 | Killed an ancient lich
 58631 | Vaults:5 | 58631 ||| Stepping ~*~*~tactically~*~*~ (stealth).
 58639 | Vaults:5 | Noticed a dread lich
 58640 | Vaults:5 | 58640 ||| INVOKING Trog's Hand.
 58642 | Vaults:5 | 58642 ||| INVOKING Berserk.
 58648 | Vaults:5 | Killed a dread lich
 58749 | Vaults:5 | 58749 ||| Stepping ~*~*~tactically~*~*~ (stealth).
 58750 | Vaults:5 | 58750 ||| Stepping ~*~*~tactically~*~*~ (stealth).
 58751 | Vaults:5 | 58751 ||| Stepping ~*~*~tactically~*~*~ (stealth).
 58752 | Vaults:5 | 58752 ||| Stepping ~*~*~tactically~*~*~ (stealth).
 58753 | Vaults:5 | 58753 ||| INVOKING Trog's Hand.
 58809 | Vaults:5 | 58809 ||| Stepping ~*~*~tactically~*~*~ (stealth).
 58814 | Vaults:5 | 58814 ||| INVOKING Berserk.
 58855 | Vaults:5 | 58855 ||| Stepping ~*~*~tactically~*~*~ (stealth).
 58856 | Vaults:5 | 58856 ||| Stepping ~*~*~tactically~*~*~ (stealth).
 58857 | Vaults:5 | 58857 ||| Stepping ~*~*~tactically~*~*~ (stealth).
 58858 | Vaults:5 | 58858 ||| Stepping ~*~*~tactically~*~*~ (stealth).
 58859 | Vaults:5 | 58859 ||| Stepping ~*~*~tactically~*~*~ (stealth).
 58946 | Vaults:5 | 58946 ||| INVOKING Trog's Hand.
 59046 | Vaults:5 | Identified the +0 pair of boots of the Tormentor {Contam
                  | +Inv Will+ Int+3}
 59057 | Vaults:5 | 59057 ||| READING scroll of enchant weapon.
 59057 | Vaults:5 | 59057 ||| ENCHANTING +6 spectral broad axe.
 59139 | Vaults:5 | Got a silver rune of Zot
 59179 | Vaults:5 | 59179 ||| INVOKING Berserk.
 59208 | Vaults:5 | 59208 ||| FLEEEEING.
 59209 | Vaults:5 | 59209 ||| STAIRDANCE
 59311 | Vaults:4 | 59311 ||| UPGRADING to +2 tower shield of protection.
 59321 | Vaults:4 | 59321 ||| DROPPING +0 tower shield.
 59322 | Vaults:4 | 59322 ||| DROPPING +0 pair of boots of the Tormentor
                  | {Contam +Inv Will+ Int+3}.
 59325 | Vaults:5 | 59325 ||| INVOKING Berserk.
 59337 | Vaults:5 | 59337 ||| STAIRDANCE
 59546 | Vaults:5 | 59546 ||| Stepping ~*~*~tactically~*~*~ (hiding).
 59798 | Vaults:5 | 59798 ||| PLANNING SHOPPING SPREE
 60171 | D:4      | 60171 ||| BUYING 2 potions of curing (72 gold).
 60171 | D:4      | Bought 2 potions of curing for 72 gold pieces
 60449 | Depths:4 | 60449 ||| BUYING scroll of enchant weapon (240 gold).
 60449 | Depths:4 | Bought a scroll of enchant weapon for 240 gold pieces
 60449 | Depths:4 | 60449 ||| BUYING scroll of teleportation (96 gold).
 60449 | Depths:4 | Bought a scroll of teleportation for 96 gold pieces
 60449 | Depths:4 | 60449 ||| BUYING scroll of teleportation (96 gold).
 60449 | Depths:4 | Bought a scroll of teleportation for 96 gold pieces
 60449 | Depths:4 | 60449 ||| READING scroll of enchant weapon.
 60449 | Depths:4 | 60449 ||| ENCHANTING +7 spectral broad axe.
 60787 | D:3      | 60787 ||| PLANNING ZOT:1-4
 61088 | Zot:1    | Entered Level 1 of the Realm of Zot
 61095 | Zot:1    | 61095 ||| INVOKING Berserk.
 61416 | Zot:1    | 61416 ||| Stepping ~*~*~tactically~*~*~ (stealth).
 61575 | Zot:1    | 61575 ||| INVOKING Berserk.
 61579 | Zot:1    | You are sucked into a shaft and drop 1 floor!
 61702 | Zot:2    | 61702 ||| Stepping ~*~*~tactically~*~*~ (hiding).
 61705 | Zot:2    | 61705 ||| INVOKING Berserk.
 61806 | Zot:2    | 61806 ||| Stepping ~*~*~tactically~*~*~ (hiding).
 61832 | Zot:2    | 61832 ||| Stepping ~*~*~tactically~*~*~ (hiding).
 61834 | Zot:2    | 61834 ||| Stepping ~*~*~tactically~*~*~ (hiding).
 61837 | Zot:2    | 61837 ||| INVOKING Berserk.
 62036 | Zot:2    | Found a transporter.
 62036 | Zot:2    | Found a transporter.
 62037 | Zot:2    | Found the +4 dragonskin cloak
 62037 | Zot:2    | Noticed Tiamat
 62038 | Zot:2    | Found a transporter.
 62052 | Zot:2    | 62052 ||| INVOKING Berserk.
 62226 | Zot:2    | Identified the +10 spear of Taxation {vorpal, rCorr Str+4
                  | Int-4 Dex+3}
 62229 | Zot:2    | Found a transporter.
 62288 | Zot:2    | 62288 ||| UPGRADING to ring "Ineeprir" {rF+ Dex+3}.
 62294 | Zot:2    | 62294 ||| INVOKING Berserk.
 62304 | Zot:2    | 62304 ||| FLEEEEING.
 62305 | Zot:2    | 62305 ||| STAIRDANCE
 62306 | Zot:1    | Noticed a Killer Klown
 62312 | Zot:1    | HP: 51/236 [black draconian/+0 war axe (11)]
 62313 | Zot:1    | 62313 ||| READING 13 scrolls of teleportation.
 62314 | Zot:1    | 62314 ||| DRINKING 5 potions of heal wounds.
 62316 | Zot:1    | 62316 ||| DRINKING 4 potions of heal wounds.
 62317 | Zot:1    | 62317 ||| DRINKING 3 potions of heal wounds.
 62317 | Zot:1    | HP: 43/236 [black draconian/+0 war axe (15)]
 62317 | Zot:1    | HP: 21/236 [black draconian knight/bolt of lightning (22)]
 62317 | Zot:1    | Killed from afar by a yellow draconian knight

Levels and vault maps discovered:
D:1:      nicolae_arrival_somewhat_less_tricky_arrival, layout_basic,
          basic_ecumenical_altar
D:2:      layout_loops_ring, minmay_misc_feat_nine_boxes, minmay_misc_feat_x,
          chequers_jeans, corexii_leaking_fountain
D:3:      layout_rooms, marbit_many_paths, nzn_hepliaklqana_mist_gate,
          lightli_temple_of_fire, serial_shops, shop,
          hellmonk_ghost_happy_afterlife
D:4:      layout_cave_pools, jmf_multi_god_temple2, serial_shops,
          nicolae_diamond_shop, uniq_eustachio
D:5:      minmay_octagon_keep, layout_layer_cave
D:6:      layout_basic, minmay_temple_entry_purple_smoke, grunt_tough_drop,
          uniq_blork_the_orc
D:7:      layout_basic, nicolae_shop_overcharged_wands
D:8:      layout_cave_pools, enter_bailey_6,
          ploomutoo_gammafunk_ghost_potion_laboratory, st_stairs_4,
          minmay_hedge_maze, minmay_manual_macuahuitl
D:9:      layout_layer_cave, nicolae_wu_jian_glorious_leap,
          grunt_lair_entry_orc_guard_hut, uniq_joseph, uniq_gastronok
D:10:     layout_roguey, mainiacjoe_overflow_boulevard, uniq_grum
D:11:     layout_cave_pools
D:12:     layout_roguey, david_orc_3, kennysheep_small_spiral, uniq_maurice,
          uniq_psyche
D:13:     minmay_crescents, layout_basic
D:14:     layout_loops_cross, david_vaults_3, serial_park_square2,
          uniq_josephine, uniq_jorgrun
D:15:     grunt_enter_depths_hoard, layout_gridville, nicolae_sextant,
          kb_rosetta
Lair:1:   layout_cave_pods, grunt_megastairs_1, infiniplex_staircase_pool
Lair:2:   layout_regular_city, skrybe_swamp_entry_bodies, dummy_snake_entry,
          kennysheep_snail_temple, lemuel_fruit_fields, grunt_megastairs_2,
          serial_bayou_shore_b
Lair:3:   kb_forest_paths, layout_chaotic_city, serial_bayou_shore_b
Lair:4:   layout_roguey, minmay_slime_entry_oklob_open, basic_altar,
          minmay_shattered_shrine
Lair:5:   guppyfry_lair_end_dragon, layout_cave_shapes
Swamp:1:  layout_basic_swamp, nicolae_swamp_treefoil,
          infiniplex_staircase_pool_2, uniq_frances
Swamp:2:  layout_basic_swamp, nicolae_swamp_orc_logging_accident, swamp_pool1
Swamp:3:  layout_basic_swamp, evilmike_swamp_ruin_house_4, swamp_pool1,
          hangedman_swamp_phenomena
Swamp:4:  swamp_old_school, layout_basic_swamp, grunt_hermit_hut
Snake:1:  layout_misc_corridors, hangedman_snake_pattern,
          nicolae_snake_gridmaze_entwining, grunt_ministairs_3, uniq_aizul,
          uniq_asterion
Snake:2:  layout_onion_interference, nicolae_elevator_lobby_plus,
          lemuel_fruit_tree, uniq_saint_roka, uniq_vashnia
Snake:3:  layout_layer_cave, nicolae_shop_self_help, minmay_shop_star
Snake:4:  grunt_snake_rune_serpentine_throne, layout_rooms, serial_shops, shop,
          nicolae_snake_bzzzt, serial_bayou_shore_a, uniq_nikola, uniq_agnes
Orc:1:    dreamdust_dug_too_deep, layout_diamond_mine, basic_altar,
          hangedman_minor_magic
Orc:2:    grunt_orc_community_town_hall, layout_diamond_mine,
          grunt_orc_community_big_house_1, grunt_orc_community_big_house_2,
          grunt_orc_community_house_3, grunt_orc_community_house_3,
          grunt_orc_community_house_2, grunt_orc_community_house_3,
          grunt_orc_community_house_1
Vaults:1: v_misc_8, ontoclasm_vaults_bender, vaults_dpeg_emergency_exit,
          v_misc_17, vaults_room_fours, nicolae_vaults_ring_of_whatevers,
          ontoclasm_vaults_ligature, layout_vaults_omnigrid, serial_shops, shop,
          shop, shop, shop, uniq_zenata
Vaults:2: nicolae_vaults_yaktaur_gun_rack, vaults_standard_mumra_x, v_rooms_3,
          minmay_crypt_entry_vampire_xt, hangedman_vaults_stream,
          nicolae_vaults_three_branches, vaults_dpeg_encased_lava,
          nicolae_vaults_windows_and_doors_thing,
          nicolae_vaults_little_squares_1, grunt_vaults_hallway_short,
          vaults_dpeg_cross, ontoclasm_vaults_ring_small,
          nicolae_vaults_little_squares_4, layout_vaults_omnicross,
          serial_shops, nicolae_lakefront_shop, nicolae_shop_crystal,
          nicolae_shop_behind_doors
Vaults:3: vaults_room_fancy_cross, hangedman_vaults_variations,
          vaults_room_door_hall, ontoclasm_vaults_loading_screen, st_more_cells,
          v_misc_24, ontoclasm_vaults_claustrophobia, v_misc_12, v_misc_30,
          nicolae_vaults_shelves_hall, vaults_dpeg_doors,
          hangedman_vaults_slice, serial_ice_h, ontoclasm_vaults_loading_screen,
          ontoclasm_vaults_loading_screen, ontoclasm_vaults_hangar,
          nicolae_vaults_theta, layout_vaults_ring, serial_shops, shop
Vaults:4: gammafunk_ghost_smash, nicolae_vaults_bisected_exclaves,
          vaults_room_door_ring, nicolae_vaults_halls_meeting,
          hangedman_vaults_locks, v_pattern_4, hangedman_vaults_stitches,
          nicolae_vaults_border_crossing, v_misc_9,
          ontoclasm_vaults_loading_screen, layout_vaults_omnibox
Vaults:5: uniq_mennas
Depths:1: layout_basic, hellmouth_2, abyss_entry,
          chequers_serial_rivers_small_a, pan_entry, minmay_shop_grid_forest,
          drop_trap, chequers_serial_rivers_large_a, hangedman_eye_storm
Depths:2: hangedman_pleasuredromes, pan_entry, hell_entry
Depths:3: minmay_four_inscribed_fans, layout_basic, abyss_entry_flame_altar,
          hell_entry, grunt_dithmenos_smoke_and_mirrors
Depths:4: evilmike_zot_entry_round, layout_cross, nemelex_lonely_heart_becter,
          serial_shops, nicolae_diamond_shop, hellmouth_3, abyss_entry,
          serial_bayou_shore_b
Zot:1:    grunt_zot_stairs_faceoff, layout_cathedral_of_symmetry, basic_altar,
          hangedman_swamp_dais
Zot:2:    layout_misc_corridors, nicolae_diode_quadrants, grunt_megastairs_4,
          uniq_tiamat, uniq_grunn

Skill      XL: |  1  2  3  4  5  6  7  8  9 10 11 12 13 14 15 16 17 18 19 20 21 22 23 |
---------------+----------------------------------------------------------------------+-----
Axes           | 4 5 6 7 8 10 12 14 16 18 19 20 | 20.0
Fighting       | 5 6 7 8 9 10 12 15 17 19 21 23 25 26 | 26.4
Throwing       | 1 2 5 6 7 8 13 14 | 14.0
Armour         | 4 5 7 8 10 12 14 15 17 19 20 21 23 26 | 26.1
Shields        | 5 6 8 10 12 13 14 15 19 20 21 22 | 22.4
Dodging        | 3 4 5 6 7 9 10 11 12 15 | 15.0

Action                   |  1- 3 |  4- 6 |  7- 9 | 10-12 | 13-15 | 16-18 | 19-21 | 22-24 || total
-------------------------+-------+-------+-------+-------+-------+-------+-------+-------++-------
Melee: Hand axe          |    69 |       |       |       |       |       |       |       ||    69
       Headbutt          |     9 |     2 |    27 |    59 |   175 |   215 |   295 |   189 ||   971
       Broad axe         |     6 |    67 |   199 |   310 |   636 |   737 |   937 |   552 ||  3444
       Punch             |       |     1 |     3 |       |       |       |       |       ||     4
       Flail             |       |       |       |       |     8 |       |       |       ||     8
       War axe           |       |       |       |       |       |    51 |       |       ||    51
Throw: Boomerang         |       |    39 |    86 |    45 |     5 |   140 |   112 |    39 ||   466
       Javelin           |       |       |       |    23 |    51 |       |       |    41 ||   115
Invok: Berserk           |     5 |     5 |    12 |    26 |    32 |    35 |    33 |    33 ||   181
       Brothers in Arms  |       |       |       |       |     5 |    10 |    11 |     5 ||    31
       Trog's Hand       |       |       |       |       |     5 |    14 |    22 |    18 ||    59
Evoke: Wand              |       |       |       |       |       |       |     3 |       ||     3
  Use: Scroll            |     8 |     5 |    11 |     9 |    12 |     7 |    13 |    18 ||    83
       Potion            |     1 |     1 |       |     4 |     3 |     5 |    10 |     4 ||    28
 Stab: Distracted        |       |       |       |       |     5 |    11 |    16 |    16 ||    48
Armor: Animal skin       |     7 |       |       |       |       |       |       |       ||     7
       Ring mail         |     4 |    16 |       |       |       |       |       |       ||    20
       Scale mail        |       |     3 |    18 |       |       |       |       |       ||    21
       Chain mail        |       |       |    82 |   100 |   186 |   363 |   293 |       ||  1024
       Gold dragon scale |       |       |       |       |       |       |    40 |   296 ||   336
Dodge: Dodged            |    46 |    36 |    79 |    70 |   151 |   250 |   216 |   110 ||   958
Block: Other             |       |       |    15 |       |       |       |       |       ||    15
       Buckler           |       |       |    35 |   101 |   222 |   345 |   184 |       ||   887
       Reflection        |       |       |     1 |     8 |    31 |    40 |    32 |    21 ||   133
       Kite shield       |       |       |       |       |       |       |   302 |   180 ||   482
       Tower shield      |       |       |       |       |       |       |       |   309 ||   309

Table legend:
 A = Non-vault XP
 B = Vault XP
 C = Vault XP percentage of total XP
 D = Non-vault monster count
 E = Vault monster count
 F = Vault count percentage of total count
                 A         B        C        D         E       F
            +---------+---------+-------+---------+---------+-------
      Total |  488666 |  487775 |  50.0 |    1033 |     673 |  39.4
            +---------+---------+-------+---------+---------+-------
        D:1 |      45 |       0 |   0.0 |      18 |       0 |   0.0
        D:2 |     107 |       0 |   0.0 |      21 |       0 |   0.0
        D:3 |      50 |       1 |   2.0 |      14 |       1 |   6.7
        D:4 |     151 |     191 |  55.8 |      12 |       1 |   7.7
        D:5 |     635 |     792 |  55.5 |      10 |      16 |  61.5
        D:6 |    1125 |     283 |  20.1 |      22 |       7 |  24.1
        D:7 |     988 |       0 |   0.0 |      23 |       0 |   0.0
        D:8 |    2564 |     783 |  23.4 |      27 |       6 |  18.2
        D:9 |    4637 |    2807 |  37.7 |      29 |       8 |  21.6
       D:10 |    1278 |     550 |  30.1 |       7 |       4 |  36.4
       D:11 |    1656 |       0 |   0.0 |       5 |       0 |   0.0
       D:12 |    5587 |    1195 |  17.6 |      19 |       9 |  32.1
       D:13 |    7678 |   13475 |  63.7 |      24 |      31 |  56.4
       D:14 |   11205 |    4856 |  30.2 |      19 |       7 |  26.9
       D:15 |   17007 |    4219 |  19.9 |      30 |       6 |  16.7
     Lair:1 |    5403 |     858 |  13.7 |      22 |       1 |   4.3
     Lair:2 |    8161 |    2696 |  24.8 |      29 |       5 |  14.7
     Lair:3 |    5950 |    5416 |  47.7 |      20 |      22 |  52.4
     Lair:4 |    9152 |    6753 |  42.5 |      26 |      13 |  33.3
     Lair:5 |   15655 |    3285 |  17.3 |      33 |      13 |  28.3
    Swamp:1 |   12394 |    1452 |  10.5 |      20 |       1 |   4.8
    Swamp:2 |   13796 |       0 |   0.0 |      29 |       0 |   0.0
    Swamp:3 |   14566 |    1004 |   6.4 |      20 |       4 |  16.7
    Swamp:4 |    4941 |   18075 |  78.5 |      11 |      26 |  70.3
    Snake:1 |    8038 |    3258 |  28.8 |      21 |       4 |  16.0
    Snake:2 |   17149 |    5885 |  25.5 |      33 |       5 |  13.2
    Snake:3 |   14823 |    1492 |   9.1 |      32 |       1 |   3.0
    Snake:4 |   35258 |   19814 |  36.0 |      67 |      36 |  35.0
      Orc:1 |    3964 |    1555 |  28.2 |      36 |      17 |  32.1
      Orc:2 |    2085 |    8832 |  80.9 |      12 |      71 |  85.5
   Vaults:1 |   20049 |    4226 |  17.4 |      36 |       6 |  14.3
   Vaults:2 |   32582 |   16242 |  33.3 |      43 |      24 |  35.8
   Vaults:3 |   25920 |   20370 |  44.0 |      43 |      24 |  35.8
   Vaults:4 |   23791 |   49533 |  67.6 |      31 |      53 |  63.1
   Vaults:5 |   25373 |  111734 |  81.5 |      37 |      77 |  67.5
   Depths:1 |   26044 |   18505 |  41.5 |      34 |      28 |  45.2
   Depths:2 |    1340 |   90575 |  98.5 |       4 |      90 |  95.7
   Depths:3 |   40096 |   43251 |  51.9 |      50 |      29 |  36.7
   Depths:4 |   33161 |   22806 |  40.7 |      37 |      26 |  41.3
      Zot:1 |   14496 |    1006 |   6.5 |      12 |       1 |   7.7
      Zot:2 |   19766 |       0 |   0.0 |      15 |       0 |   0.0
            +---------+---------+-------+---------+---------+-------
